 Dungeon Crawl Stone Soup version 0.29.0-4-gdea44cf6ec (webtiles) character file.

Game seed: 3519351885824584625

403795 qw the Hoplite (level 23, 0/158 HPs)
             Began as a Gargoyle Delver on Sept 10, 2022.
             Was an Elder of Okawaru.
             Constricted to death by a tentacled monstrosity (7 damage)
             ... while paralysed by a floating eye
             ... on level 3 of the Depths.
             The game lasted 00:27:24 (50093 turns).

qw the Hoplite (Gargoyle Delver)                   Turns: 50093, Time: 00:27:25

Health: 0/158      AC: 61    Str: 28 (29) XL:     23   Next: 36%
Magic:  30/30      EV: -1    Int: 15 (17) God:    Okawaru [****..]
Gold:   2176       SH:  0    Dex: 25      Spells: 22/22 levels left

rFire   . . .      SeeInvis +   n - +2 war axe (vamp)
rCold   + + +      Faith    .   B - +0 tower shield {rC+ rF+}
rNeg    + + .      Spirit   .   E - +10 plate armour of Muttered Phrases {Rampage Int+5}
rPois   inf        Reflect  +   s - +2 hat {SInv}
rElec   +          Harm     .   z - +0 cloak {Will+}
rCorr   .          Rampage  +   p - +2 pair of gloves
Will    ++...                   v - +2 pair of boots
Stlth   ++........              G - amulet of reflection
HPRegen 0.36/turn               a - ring "Rotrasiwk" {rF- rC+ rN+ EV+4 Dex+6}
MPRegen 0.22/turn               F - ring "Goes" {Str+3 Dex+6}

@: paralysed, heroic, flying, constricted
A: sickness immunity, AC +17, big wings, negative energy resistance 1,
electricity resistance, torment resistance 1, petrification resistance, thin
skeletal structure 1, cold resistance 1, deterioration 1, shaggy fur 1
}: 2/15 runes: serpentine, barnacled
a: Renounce Religion, Heroism, Finesse


You were on level 3 of the Depths.
You worshipped Okawaru.
Okawaru was greatly pleased with you.
You visited 8 branches of the dungeon, and saw 38 of its levels.
You also visited: Gauntlet.

You collected 4901 gold pieces.
You spent 2725 gold pieces at shops.


Innate Abilities, Weirdness & Mutations

You are immune to sickness and miasma.
Your stone body is resilient. (AC +17)
You are immune to poison.
Your large and strong wings let you fly.
You resist negative energy. (rN+)
You are resistant to electric shocks. (rElec)
You are resistant to unholy torment.
You are immune to petrification.
You have a somewhat thin skeletal structure. (Dex +2, Stealth+)
Your flesh is cold resistant. (rC+)
Your body sometimes deteriorates upon taking damage.
You are covered in fur. (AC +1)


   Skills:
 + Level 20.5(25.5) Fighting
 - Level 16.0(21.0) Axes
 - Level 11.0(16.0) Throwing
 - Level 19.0(24.0) Armour
 - Level 11.0(16.0) Dodging
 - Level 5.4(10.4) Stealth
 - Level 21.0(26.0) Shields
 - Level 10.0 Invocations


You had 22 spell levels left.
You didn't know any spells.
Your spell library was empty.

Inventory:

Hand Weapons
 n - a +2 vampiric war axe (weapon)
Missiles
 c - 4 boomerangs of dispersal
 k - 44 boomerangs
 l - 10 silver javelins (quivered)
 x - 3 silver boomerangs
 y - 14 javelins
Armour
 d - a +2 cloak
 m - a +2 helmet
 p - a +2 pair of gloves (worn)
 s - a +2 hat of see invisible (worn)
 v - a +2 pair of boots (worn)
 z - a +0 cloak of willpower (worn)
 B - a +0 tower shield of resistance (worn)
 E - the +10 plate armour of Muttered Phrases (worn) {Rampage Int+5}
   (You bought it in a shop on level 2 of the Orcish Mines)

   Int:       It affects your intelligence (+5).
   Rampage:   It bestows one free step when moving towards enemies.
Jewellery
 a - the ring "Rotrasiwk" (left hand) {rF- rC+ rN+ EV+4 Dex+6}
   (You acquired it on level 4 of the Dungeon)

   [ring of evasion]

   EV:        It affects your evasion (+4).
   Dex:       It affects your dexterity (+6).
   rF:        It makes you vulnerable to fire.
   rC:        It protects you from cold.
   rN:        It protects you from negative energy.
 t - a ring of protection from fire
 u - the ring of Jonk {Dex+6 SInv Stlth+}
   (You took it off a tengu warrior on level 1 of the Depths)

   [ring of dexterity]

   Dex:       It affects your dexterity (+6).
   SInv:      It lets you see invisible.
   Stlth:     It makes you more stealthy.
 D - a +4 ring of evasion
 F - the ring "Goes" (right hand) {Str+3 Dex+6}
   (You bought it in a shop on level 2 of the Orcish Mines)

   [ring of dexterity]

   Str:       It affects your strength (+3).
   Dex:       It affects your dexterity (+6).
 G - an amulet of reflection (around neck)
Wands
 g - a wand of digging (16)
Scrolls
 i - 8 scrolls of teleportation
 o - 17 scrolls of identify
 w - 3 scrolls of brand weapon
Potions
 b - 9 potions of mutation
 e - a potion of cancellation
 f - 11 potions of haste
 h - 15 potions of curing
 j - 4 potions of magic
 q - a potion of resistance
 r - 4 potions of might

Dungeon Overview and Level Annotations

Branches:
Dungeon (15/15)            Temple (1/1) D:4            Lair (5/5) D:8
 Shoals (4/4) Lair:2        Snake (4/4) Lair:3        Slime (0/5) Lair:5
    Orc (2/2) D:10            Elf (0/3) Orc:2        Vaults (4/5) D:13
  Crypt (0/3) Vaults:3     Depths (3/4) D:15        Gauntlet (visited)

Altars:
Ashenzari
Cheibriados
Dithmenos
Elyvilon
Fedhas
Gozag
Hepliaklqana
Kikubaaqudgha
Makhleb
Nemelex Xobeh
Okawaru
Qazlal
Ru
Sif Muna
Trog
Uskayaw
Vehumet
Wu Jian
Xom
Yredelemnul
Zin
The Shining One

Shops:
D:6 *!:   Orc:2 [(*(   Shoals:3 (   Snake:2 ==:   Snake:4 *   Vaults:1 (
Vaults:2 *   Vaults:4 [

Portals:
Hell: Depths:1 Depths:2
Abyss: Depths:1 Depths:3
Pandemonium: Depths:2
Ziggurat: Depths:3

Annotations:
Snake:2 1 runed translucent door, qw's ghost, journeyman MiBe
Vaults:2 3 runed translucent doors, Forgeling's ghost, adept FeEn
Depths:2 1 runed translucent door, qw's ghost, adept MiBe


Message History

The shadow dragon claws you but does no damage. x2
The iron dragon bites you!
The iron dragon claws you but does no damage.
The iron dragon tramples you but does no damage.
The slime creature changes into a water nymph!
The deep troll shaman calls upon its god to strengthen the iron troll.
The iron troll seems to grow stronger.
The tentacled monstrosity tentacle-slaps you but does no damage. x3
The tentacled monstrosity constricts you!
The shadow dragon bites you but does no damage.
The shadow dragon claws you.
The shadow dragon claws you but does no damage.
The frost giant hits you from afar with the +5 halberd of Vaaloi {vamp, rElec rPois}!
The stone giant completely misses you.
The frost giant hits you with a +0 battleaxe of freezing!
The iron dragon bites you but does no damage.
The iron dragon claws you but does no damage.
The iron dragon tramples you but does no damage.
The water nymph changes into a manticore!
The deep troll shaman calls upon its god to strengthen the iron troll.
The iron troll seems to grow stronger.
The frost giant hits you from afar with the +5 halberd of Vaaloi {vamp, rElec rPois}!
The stone giant hits you!!
The tentacled monstrosity tentacle-slaps you but does no damage. x3
The tentacled monstrosity constricts you.
A walking frostbound tome comes into view.
The shadow dragon bites you but does no damage.
The shadow dragon claws you.
The shadow dragon claws you but does no damage.
The frost giant hits you but does no damage.
The fire giant shouts!
You hear a horrible gurgling sound!
You hear two shouts!
You hear a loud rustle.
The iron dragon bites you!
The iron dragon claws you but does no damage.
The iron dragon tramples you but does no damage.
The stone giant hits you but does no damage.
The frost giant hits you but does no damage.
The tentacled monstrosity tentacle-slaps you but does no damage. x3
The tentacled monstrosity constricts you!
You die...

## ### ...
.8#.# .#..
..#.#
....###.#.#
.....#.T#.#
...8.GT8#.#
#=..TDC#.#
#TC@#.#
#.CQG#XD.#
#..V#.CC#.#
#!#....H#.#
;.......#.###
.......#...##
#......#....#
..\....#....#
.......#...##


You could see a shadow dragon, a tentacled monstrosity, an iron dragon, 2 frost
giants, a walking frostbound tome, 2 fire giants, 2 iron trolls, a stone giant,
a tengu reaver, a vampire knight, a glowing orange brain, a deep troll
(summoned), a manticore shaped shifter, a deep troll shaman (summoned) and a
floating eye.

Vanquished Creatures
  Mara (Vaults:2)
  Bai Suzhen (Vaults:4)
  Margery (Vaults:2)
  Boris (Vaults:4)
  Vashnia (Snake:4)
  Rupert (D:14)
  Jorgrun (D:14)
  A lich (Depths:1)
  A tentacled monstrosity (Depths:2)
  Mlioglotl (Shoals:1)
  2 walking earthen tomes
  Asterion (Vaults:1)
  A walking frostbound tome (Depths:2)
  3 krakens (Shoals:4)
  A quicksilver dragon (Depths:3)
  Polyphemus (Shoals:3)
  4 sphinxes
  Gastronok (D:11)
  A storm dragon (Depths:2)
  4 tengu reavers
  Ilsuiw (Shoals:3)
  A shadow dragon (Depths:2)
  Kirke (Snake:3)
  Roxanne (D:14)
  2 nagarajas
  Donald (Vaults:2)
  17 vault wardens
  4 fire giants (Depths:2)
  7 frost giants
  2 orc warlords
  11 ironbound preservers
  3 war gargoyles
  2 spriggan defenders (Depths:1)
  A ghoul (Vaults:3)
  15 stone giants
  18 very ugly things
  4 ironbound thunderhulks
  A vampire knight (Depths:2)
  A minotaur (Gauntlet)
  3 dire elephants (Vaults:1)
  2 spark wasps
  An entropy weaver (Vaults:3)
  A green death (Gauntlet)
  A crystal guardian (Vaults:4)
  6 ettins
  A blizzard demon (Gauntlet)
  2 jiangshi (Depths:2)
  7 merfolk javelineers
  Josephine (D:10)
  9 merfolk impalers
  6 fire dragons
  10 yaktaur captains
  7 great orbs of eyes
  5 salamander tyrants (Snake:4)
  6 boulder beetles
  4 spriggan air magi
  9 vault guards
  2 ice dragons (Depths:2)
  6 hydras
  A rakshasa (Depths:2)
  5 catoblepae
  7 merfolk aquamancers
  2 peacekeepers
  Erica (Orc:1)
  16 anacondas
  A death knight (Vaults:3)
  An alligator snapping turtle (Shoals:4)
  5 ironbound frosthearts
  3 centaur warriors
  7 merfolk avatars
  2 satyrs (Shoals:2)
  2 dancing weapons (D:13)
  3 two-headed ogres
  6 deep troll shamans
  6 tengu warriors
  20 naga warriors
  5 deep troll earth magi
  A spriggan berserker (Depths:2)
  24 death yaks
  Urug (D:10)
  8 shock serpents
  10 naga sharpshooters
  4 vampire magi
  3 orc high priests
  Amaemon (D:11)
  Nergalle (D:10)
  A soul eater (Gauntlet)
  6 hell knights
  A sun demon (Depths:2)
  5 iron trolls
  43 deep trolls
  11 sea snakes
  4 sixfirhies (Gauntlet)
  A golden dragon zombie (Depths:1)
  A glowing orange brain (Depths:1)
  3 salamander mystics
  An orb spider (Depths:2)
  A golden dragon skeleton (Depths:1)
  4 naga ritualists
  5 ironbound convokers
  A deep troll (shapeshifter) (Vaults:2)
  12 harpies
  4 necromancers
  2 harpies (shapeshifter)
  7 wizards
  2 orc knights
  2 orc sorcerers (Orc:2)
  3 lindwurms
  15 fauns (Shoals:2)
  3 deep elf pyromancers
  6 mana vipers
  11 elephants (Lair:5)
  58 ugly things
  9 manticores
  14 salamanders
  28 slime creatures
  7 cyclopes
  24 black mambas
  11 guardian serpents
  Maurice (D:10)
  10 naga magi
  12 merfolk sirens
  A rust devil (Depths:2)
  16 vault sentinels
  4 orange demons
  5 water nymphs
  13 cane toads
  3 gargoyles (D:11)
  A hellion (Depths:2)
  2 unseen horrors
  5 rime drakes
  43 yaktaurs
  A spriggan zombie (Depths:1)
  2 ice devils (Depths:2)
  9 komodo dragons
  A tengu conjurer (Depths:1)
  A freezing wraith (D:15)
  A hellwing (Depths:2)
  32 merfolk
  A polar bear (shapeshifter) (Vaults:3)
  3 red devils (Depths:2)
  11 trolls
  8 hornets
  6 wind drakes
  An ettin zombie (Vaults:2)
  9 blink frogs
  11 snapping turtles
  Prince Ribbit (D:7)
  A vampire (D:13)
  A jumping spider (shapeshifter) (D:15)
  3 spriggans
  An ettin skeleton (Vaults:2)
  A culicivora (Vaults:3)
  3 shadows (D:11)
  5 wraiths
  4 hogs (Snake:3)
  6 water elementals
  9 wyverns
  3 basilisks
  54 yaks
  A vampire mosquito (D:11)
  3 steam dragons
  2 glowing shapeshifter zombies (Vaults:2)
  3 swamp worms (Gauntlet)
  4 wargs
  43 nagas
  6 acid dragons
  16 water moccasins
  Duvessa (D:5)
  An ettin simulacrum (Vaults:2)
  5 black bears
  A spriggan simulacrum (Depths:1)
  A sky beast (D:8)
  30 orc warriors
  A black bear (shapeshifter) (D:13)
  8 wolves
  9 ogres
  8 boggarts (Vaults:1)
  5 centaurs
  A phantom (D:3)
  2 kobold brigands
  10 bullfrogs
  3 necrophages
  3 gnoll sergeants
  3 scorpions
  10 wights
  Dowan (D:5)
  6 killer bees (D:7)
  7 electric eels
  3 howler monkeys (D:11)
  A jelly (D:5)
  21 orc priests
  3 gnoll boudas
  4 hounds
  An iguana (D:4)
  30 orc wizards
  17 gnolls
  10 adders
  6 river rats (D:6)
  6 shadow imps
  2 white imps
  An ufetubus (D:4)
  3 worms
  123 orcs
  5 ball pythons
  6 bats
  6 endoplasms
  6 goblins
  5 hobgoblins
  6 kobolds
  11 quokkas
  5 frilled lizards
  A goblin zombie (D:7)
  16 rats
  8 tentacles (Shoals:4)
1468 creatures vanquished.

Vanquished Creatures (others)
  A rakshasa (Depths:1)
  A deep troll (Vaults:1)
  A wizard (Vaults:3)
  A naga ritualist (Snake:4)
  2 foxfires (Shoals:1)
  29 fungi
  111 plants
  9 tentacles (Shoals:4)
155 creatures vanquished.

Grand Total: 1623 creatures vanquished

Notes
Turn   | Place    | Note
-------+----------+-------------------------------------------
     0 | D:5      | qw the Gargoyle Delver began the quest for the Orb.
     0 | D:5      | Reached XP level 1. HP: 14/14 MP: 1/1
     0 | D:5      | 0 ||| qw: Version: 0.1-a-116-g5d60599
     0 | D:5      | 0 ||| qw: Game counter: 7816
     0 | D:5      | 0 ||| qw: Always use a shield: true
     0 | D:5      | 0 ||| qw: God list: Okawaru
     0 | D:5      | 0 ||| qw: Allow faded altars: false
     0 | D:5      | 0 ||| qw: Do Orc after D:15 true
     0 | D:5      | 0 ||| qw: Do second Lair branch before Depths: true
     0 | D:5      | 0 ||| qw: Lair rune preference: random
     0 | D:5      | 0 ||| qw: Plans: Normal
     0 | D:5      | 0 ||| PLANNING D:1-11
   101 | D:5      | 101 ||| READING scroll labelled AKOOLU JIVIETY.
   102 | D:5      | 102 ||| DROPPING scroll of fog.
   103 | D:5      | 103 ||| DROPPING scroll of magic mapping.
   104 | D:5      | 104 ||| DROPPING scroll of fear.
   121 | D:4      | 121 ||| Stepping ~*~*~tactically~*~*~ (stealth).
   124 | D:4      | Found a staircase to the Ecumenical Temple.
   125 | D:4      | 125 ||| PLANNING TEMPLE
   125 | D:4      | 125 ||| Stepping randomly (stuck).
   149 | D:4      | Reached XP level 2. HP: 6/19 MP: 2/2
   433 | D:4      | Reached skill level 3 in Axes
   465 | D:4      | Reached XP level 3. HP: 19/23 MP: 3/3
   530 | D:4      | 530 ||| READING scroll labelled ROQAL VIFUO.
   534 | D:4      | 534 ||| READING scroll labelled KASCHU UMIGEBERCH.
   534 | D:4      | Identified a scroll of acquirement
   534 | D:4      | 534 ||| ACQUIRING ring "Rotrasiwk" {rF- rC+ rN+ EV+4 Dex+6}
   534 | D:4      | Acquired the ring "Rotrasiwk" {rF- rC+ rN+ EV+4 Dex+6}
   536 | D:4      | 536 ||| UPGRADING to ring "Rotrasiwk" {rF- rC+ rN+ EV+4
                  | Dex+6}.
   561 | Temple   | Entered the Ecumenical Temple
   598 | Temple   | 598 ||| PLANNING D:1-11
   719 | D:2      | Found a faded altar of an unknown god.
   924 | D:2      | 924 ||| UPGRADING to +0 helmet.
   929 | D:2      | 929 ||| READING scroll labelled CATHRIA CUAZXA.
   930 | D:2      | 930 ||| READING scroll labelled YPLUFI CUIHE.
   931 | D:2      | 931 ||| DRINKING 2 bubbling yellow potions.
   932 | D:2      | 932 ||| DRINKING 2 purple potions.
   933 | D:2      | 933 ||| DROPPING potion of brilliance.
   964 | D:1      | 964 ||| DROPPING +0 club.
  1642 | D:1      | 1642 ||| UPGRADING to +0 ring mail.
  1652 | D:1      | 1652 ||| DROPPING +0 leather armour.
  1653 | D:1      | 1653 ||| READING scroll labelled VUUDOL REDD.
  1654 | D:1      | 1654 ||| READING scroll labelled IKYLLO HEPEUCA.
  1655 | D:1      | 1655 ||| READING scroll labelled ISAAPY UVOP.
  1656 | D:1      | 1656 ||| DRINKING 2 inky potions.
  1657 | D:1      | 1657 ||| DROPPING potion of degeneration.
  1687 | D:2      | Reached XP level 4. HP: 28/28 MP: 4/4
  2111 | D:2      | 2111 ||| READING scroll labelled MUGOWN LEONGAMU.
  2112 | D:2      | 2112 ||| READING 2 scrolls of identify.
  2112 | D:2      | 2112 ||| IDENTIFYING yellow potion
  2113 | D:2      | 2113 ||| DROPPING potion of lignification.
  2143 | D:3      | 2143 ||| Stepping ~*~*~tactically~*~*~ (stealth).
  2145 | D:3      | 2145 ||| Stepping ~*~*~tactically~*~*~ (stealth).
  2155 | D:3      | 2155 ||| Stepping ~*~*~tactically~*~*~ (stealth).
  2158 | D:3      | 2158 ||| Stepping ~*~*~tactically~*~*~ (stealth).
  2174 | D:3      | Noticed a phantom
  2193 | D:3      | Killed a phantom
  2194 | D:3      | Reached skill level 3 in Armour
  2194 | D:3      | Reached XP level 5. HP: 23/32 MP: 5/5
  2332 | D:3      | 2332 ||| READING scroll of enchant weapon.
  2332 | D:3      | 2332 ||| ENCHANTING +1 hand axe of freezing.
  2619 | D:3      | 2619 ||| Stepping ~*~*~tactically~*~*~ (stealth).
  2621 | D:3      | 2621 ||| Stepping ~*~*~tactically~*~*~ (stealth).
  2623 | D:3      | 2623 ||| Stepping ~*~*~tactically~*~*~ (stealth).
  2641 | D:3      | 2641 ||| Stepping ~*~*~tactically~*~*~ (stealth).
  2752 | D:3      | Found a hide-covered altar of Uskayaw.
  2752 | D:3      | Found a snail-covered altar of Cheibriados.
  2752 | D:3      | Found an opulent altar of Gozag.
  2768 | D:3      | Found an ancient bone altar of Kikubaaqudgha.
  2768 | D:3      | Found a white marble altar of Elyvilon.
  2771 | D:3      | Found an iron altar of Okawaru.
  2773 | D:3      | Found a glowing golden altar of the Shining One.
  2870 | D:3      | 2870 ||| Stepping ~*~*~tactically~*~*~ (stealth).
  2871 | D:3      | 2871 ||| Stepping ~*~*~tactically~*~*~ (stealth).
  2873 | D:3      | 2873 ||| Stepping ~*~*~tactically~*~*~ (stealth).
  2880 | D:3      | 2880 ||| Stepping ~*~*~tactically~*~*~ (stealth).
  2881 | D:3      | 2881 ||| READING scroll labelled IBATEM BIDOR.
  2960 | D:3      | Became a worshipper of Warmaster Okawaru
  2994 | D:4      | 2994 ||| STAIRDANCE
  3007 | D:4      | 3007 ||| Stepping ~*~*~tactically~*~*~ (stealth).
  3009 | D:4      | 3009 ||| Stepping ~*~*~tactically~*~*~ (stealth).
  3011 | D:4      | 3011 ||| Stepping ~*~*~tactically~*~*~ (stealth).
  3013 | D:4      | 3013 ||| Stepping ~*~*~tactically~*~*~ (stealth).
  3014 | D:4      | 3014 ||| Stepping ~*~*~tactically~*~*~ (stealth).
  3018 | D:4      | 3018 ||| Stepping ~*~*~tactically~*~*~ (stealth).
  3241 | D:4      | Reached XP level 6. HP: 24/37 MP: 6/6
  3242 | D:4      | 3242 ||| FLEEEEING.
  3243 | D:4      | 3243 ||| FLEEEEING.
  3244 | D:4      | 3244 ||| FLEEEEING.
  3245 | D:4      | 3245 ||| FLEEEEING.
  3246 | D:4      | 3246 ||| FLEEEEING.
  3247 | D:4      | 3247 ||| FLEEEEING.
  3248 | D:4      | 3248 ||| FLEEEEING.
  3249 | D:4      | 3249 ||| FLEEEEING.
  3250 | D:4      | 3250 ||| FLEEEEING.
  3251 | D:4      | 3251 ||| FLEEEEING.
  3252 | D:4      | 3252 ||| FLEEEEING.
  3253 | D:4      | 3253 ||| FLEEEEING.
  3254 | D:4      | 3254 ||| FLEEEEING.
  3255 | D:4      | 3255 ||| FLEEEEING.
  3256 | D:4      | 3256 ||| FLEEEEING.
  3257 | D:4      | 3257 ||| FLEEEEING.
  3258 | D:4      | 3258 ||| FLEEEEING.
  3259 | D:4      | 3259 ||| STAIRDANCE
  3344 | D:3      | 3344 ||| DROPPING amulet of guardian spirit.
  3356 | D:4      | 3356 ||| STAIRDANCE
  3488 | D:4      | 3488 ||| DROPPING +0 whip.
  3534 | D:4      | 3534 ||| Stepping ~*~*~tactically~*~*~ (stealth).
  3713 | D:4      | 3713 ||| DROPPING +0 flail of venom.
  3939 | D:4      | 3939 ||| UPGRADING to +0 plate armour.
  3949 | D:4      | 3949 ||| DROPPING +0 ring mail.
  3984 | D:5      | Noticed Dowan
  3985 | D:5      | Noticed Duvessa
  3986 | D:5      | 3986 ||| FLEEEEING.
  3987 | D:5      | 3987 ||| FLEEEEING.
  3988 | D:5      | 3988 ||| FLEEEEING.
  3989 | D:5      | 3989 ||| STAIRDANCE
  4017 | D:5      | 4017 ||| STAIRDANCE
  4021 | D:5      | 4021 ||| STAIRDANCE
  4040 | D:5      | 4040 ||| STAIRDANCE
  4147 | D:5      | 4147 ||| STAIRDANCE
  4196 | D:5      | 4196 ||| STAIRDANCE
  4200 | D:5      | 4200 ||| STAIRDANCE
  4204 | D:5      | 4204 ||| STAIRDANCE
  4302 | D:5      | 4302 ||| STAIRDANCE
  4392 | D:5      | 4392 ||| STAIRDANCE
  4466 | D:5      | 4466 ||| STAIRDANCE
  4470 | D:5      | 4470 ||| STAIRDANCE
  4564 | D:5      | 4564 ||| STAIRDANCE
  4630 | D:5      | 4630 ||| STAIRDANCE
  4634 | D:5      | 4634 ||| STAIRDANCE
  4697 | D:5      | 4697 ||| STAIRDANCE
  4777 | D:5      | 4777 ||| STAIRDANCE
  4784 | D:5      | 4784 ||| STAIRDANCE
  4850 | D:5      | 4850 ||| STAIRDANCE
  4891 | D:5      | 4891 ||| STAIRDANCE
  4944 | D:5      | Killed Duvessa
  4944 | D:5      | Reached * piety under Okawaru
  4945 | D:5      | Reached skill level 6 in Axes
  4945 | D:5      | Reached XP level 7. HP: 15/43 MP: 7/7
  4945 | D:5      | 4945 ||| INVOKING Heroism.
  4947 | D:5      | Killed Dowan
  4948 | D:5      | Reached skill level 1 in Invocations
  5219 | D:5      | 5219 ||| INVOKING Heroism.
  5232 | D:5      | 5232 ||| INVOKING Heroism.
  5422 | D:5      | 5422 ||| INVOKING Heroism.
  5497 | D:5      | 5497 ||| Stepping ~*~*~tactically~*~*~ (stealth).
  5498 | D:5      | 5498 ||| Stepping ~*~*~tactically~*~*~ (stealth).
  6023 | D:5      | 6023 ||| UPGRADING to +2 helmet.
  6033 | D:5      | 6033 ||| DROPPING +0 helmet.
  6034 | D:5      | 6034 ||| READING 2 scrolls of identify.
  6034 | D:5      | 6034 ||| IDENTIFYING murky sapphire potion
  6230 | D:6      | 6230 ||| Stepping ~*~*~tactically~*~*~ (stealth).
  6234 | D:6      | 6234 ||| Stepping ~*~*~tactically~*~*~ (stealth).
  6237 | D:6      | 6237 ||| INVOKING Heroism.
  6252 | D:6      | 6252 ||| Stepping ~*~*~tactically~*~*~ (stealth).
  6381 | D:6      | 6381 ||| INVOKING Heroism.
  6388 | D:6      | Reached XP level 8. HP: 31/48 MP: 7/10
  6429 | D:6      | 6429 ||| FLEEEEING.
  6430 | D:6      | 6430 ||| FLEEEEING.
  6431 | D:6      | 6431 ||| FLEEEEING.
  6433 | D:6      | 6433 ||| STAIRDANCE
  6508 | D:6      | Reached skill level 3 in Invocations
  6513 | D:6      | Found Jovankits's Distillery.
  6522 | D:6      | 6522 ||| BUYING potion of heal wounds (65 gold).
  6522 | D:6      | Bought a potion of heal wounds for 65 gold pieces
  6522 | D:6      | 6522 ||| BUYING potion of mutation (104 gold).
  6522 | D:6      | Bought a potion of mutation for 104 gold pieces
  6522 | D:6      | 6522 ||| BUYING potion of mutation (104 gold).
  6522 | D:6      | Bought a potion of mutation for 104 gold pieces
  6522 | D:6      | 6522 ||| SHOPLISTING potion of resistance (130 gold, have
                  | 28).
  6583 | D:6      | Found Lodom's General Store.
  6595 | D:6      | 6595 ||| SHOPLISTING potion of cancellation (104 gold, have
                  | 28).
  6595 | D:6      | 6595 ||| SHOPLISTING potion of might (52 gold, have 28).
  6595 | D:6      | 6595 ||| BUYING scroll of identify (26 gold).
  6595 | D:6      | Bought a scroll of identify for 26 gold pieces
  6649 | D:6      | 6649 ||| Stepping ~*~*~tactically~*~*~ (hiding).
  6654 | D:6      | 6654 ||| INVOKING Heroism.
  6677 | D:6      | 6677 ||| INVOKING Heroism.
  6913 | D:6      | 6913 ||| INVOKING Heroism.
  7069 | D:6      | 7069 ||| INVOKING Heroism.
  7071 | D:6      | Noticed a yak
  7071 | D:6      | Noticed a yak
  7071 | D:6      | Noticed a yak
  7072 | D:6      | Noticed a yak
  7073 | D:6      | Noticed a yak
  7074 | D:6      | 7074 ||| Stepping ~*~*~tactically~*~*~ (water).
  7079 | D:6      | Killed a yak
  7090 | D:6      | Killed a yak
  7090 | D:6      | HP: 7/49 [yak (12)]
  7091 | D:6      | 7091 ||| READING 3 scrolls of teleportation.
  7092 | D:6      | 7092 ||| DRINKING potion of heal wounds.
  7096 | D:6      | 7096 ||| INVOKING Heroism.
  7286 | D:6      | Reached XP level 9. HP: 54/54 MP: 12/12
  7296 | D:6      | Found Baqan's Book Shoppe.
  7299 | D:6      | Found Naim's Antique Armour Boutique.
  7360 | D:6      | 7360 ||| Stepping ~*~*~tactically~*~*~ (stealth).
  7362 | D:6      | 7362 ||| INVOKING Heroism.
  7397 | D:6      | 7397 ||| INVOKING Heroism.
  7435 | D:6      | 7435 ||| FLEEEEING.
  7436 | D:6      | 7436 ||| FLEEEEING.
  7437 | D:6      | 7437 ||| FLEEEEING.
  7438 | D:6      | 7438 ||| FLEEEEING.
  7439 | D:6      | 7439 ||| FLEEEEING.
  7440 | D:6      | 7440 ||| FLEEEEING.
  7441 | D:6      | 7441 ||| FLEEEEING.
  7442 | D:6      | 7442 ||| INVOKING Heroism.
  7639 | D:6      | 7639 ||| Stepping ~*~*~tactically~*~*~ (stealth).
  7641 | D:6      | 7641 ||| Stepping ~*~*~tactically~*~*~ (stealth).
  7644 | D:6      | 7644 ||| Stepping ~*~*~tactically~*~*~ (water).
  7653 | D:6      | Reached skill level 6 in Fighting
  7655 | D:6      | Reached ** piety under Okawaru
  7778 | D:6      | 7778 ||| Stepping ~*~*~tactically~*~*~ (stealth).
  7814 | D:6      | 7814 ||| Stepping ~*~*~tactically~*~*~ (stealth).
  7859 | D:6      | 7859 ||| Stepping ~*~*~tactically~*~*~ (hiding).
  7862 | D:6      | 7862 ||| INVOKING Heroism.
  7871 | D:6      | 7871 ||| Stepping ~*~*~tactically~*~*~ (stealth).
  7880 | D:6      | 7880 ||| Stepping ~*~*~tactically~*~*~ (stealth).
  7964 | D:6      | 7964 ||| INVOKING Heroism.
  7971 | D:6      | 7971 ||| Stepping ~*~*~tactically~*~*~ (stealth).
  7989 | D:6      | 7989 ||| Stepping ~*~*~tactically~*~*~ (stealth).
  8150 | D:6      | 8150 ||| UPGRADING to +6 ring of strength.
  8151 | D:6      | 8151 ||| READING scroll labelled CIPHIO NIEL.
  8152 | D:6      | 8152 ||| DRINKING 2 brown potions.
  8153 | D:6      | 8153 ||| READING 3 scrolls of identify.
  8153 | D:6      | 8153 ||| IDENTIFYING murky orange potion
  8154 | D:6      | 8154 ||| READING 2 scrolls of identify.
  8154 | D:6      | 8154 ||| IDENTIFYING lumpy purple potion
  8155 | D:6      | 8155 ||| DROPPING potion of attraction.
  8156 | D:6      | 8156 ||| DROPPING potion of flight.
  8157 | D:6      | 8157 ||| DROPPING potion of ambrosia.
  8188 | D:7      | 8188 ||| PLANNING OSSUARY
  8188 | D:7      | Noticed Prince Ribbit
  8189 | D:7      | 8189 ||| INVOKING Heroism.
  8197 | D:7      | Killed Prince Ribbit
  8281 | D:7      | 8281 ||| INVOKING Heroism.
  8282 | D:7      | 8282 ||| Stepping ~*~*~tactically~*~*~ (hiding).
  8338 | D:7      | 8338 ||| Stepping ~*~*~tactically~*~*~ (stealth).
  8340 | D:7      | 8340 ||| Stepping ~*~*~tactically~*~*~ (hiding).
  8350 | D:7      | 8350 ||| Stepping ~*~*~tactically~*~*~ (stealth).
  8352 | D:7      | 8352 ||| Stepping ~*~*~tactically~*~*~ (hiding).
  8357 | D:7      | 8357 ||| INVOKING Heroism.
  8361 | D:7      | 8361 ||| Stepping ~*~*~tactically~*~*~ (hiding).
  8369 | D:7      | Reached skill level 9 in Axes
  8372 | D:7      | 8372 ||| Stepping ~*~*~tactically~*~*~ (hiding).
  8408 | D:7      | 8408 ||| Stepping ~*~*~tactically~*~*~ (stealth).
  8414 | D:7      | 8414 ||| INVOKING Heroism.
  8438 | D:7      | 8438 ||| DROPPING +1 vampiric whip.
  8532 | D:7      | Identified the +2 long sword "Xannuaj" {drain, rF+ Int+2
                  | Dex-4}
  8557 | D:7      | Reached XP level 10. HP: 50/63 MP: 13/13
  8705 | D:7      | 8705 ||| Stepping ~*~*~tactically~*~*~ (hiding).
  8710 | D:7      | 8710 ||| INVOKING Heroism.
  8739 | D:7      | 8739 ||| Stepping ~*~*~tactically~*~*~ (hiding).
  8771 | D:7      | Reached *** piety under Okawaru
  8798 | D:7      | 8798 ||| Stepping ~*~*~tactically~*~*~ (hiding).
  8799 | D:7      | 8799 ||| Stepping ~*~*~tactically~*~*~ (hiding).
  8881 | D:7      | 8881 ||| Stepping ~*~*~tactically~*~*~ (stealth).
  8884 | D:7      | 8884 ||| Stepping ~*~*~tactically~*~*~ (stealth).
  8941 | D:7      | 8941 ||| READING scroll of acquirement.
  8941 | D:7      | 8941 ||| ACQUIRING +2 war axe of venom
  8941 | D:7      | Acquired a +2 war axe of venom
  8943 | D:7      | 8943 ||| SWAPPING to +2 war axe of venom.
  8944 | D:7      | 8944 ||| DROPPING +2 hand axe of freezing.
  8989 | D:7      | 8989 ||| RIP OSSUARY
  9002 | D:7      | 9002 ||| PLANNING D:1-11
  9003 | D:7      | Received a gift from Okawaru
  9207 | D:7      | 9207 ||| DROPPING ring of flight.
  9208 | D:7      | 9208 ||| READING scroll labelled WOIJEA QIZAEM.
  9209 | D:7      | 9209 ||| DRINKING 2 lumpy cyan potions.
  9251 | D:8      | 9251 ||| STAIRDANCE
  9256 | D:8      | 9256 ||| STAIRDANCE
  9258 | D:7      | 9258 ||| INVOKING Heroism.
  9266 | D:7      | Reached skill level 6 in Armour
  9333 | D:8      | 9333 ||| STAIRDANCE
  9392 | D:8      | 9392 ||| INVOKING Heroism.
  9853 | D:8      | Reached skill level 3 in Throwing
  9933 | D:8      | Found a staircase to the Lair.
  9934 | D:8      | 9934 ||| INVOKING Heroism.
  9995 | D:8      | 9995 ||| Stepping ~*~*~tactically~*~*~ (cloud).
  9996 | D:8      | 9996 ||| Stepping ~*~*~tactically~*~*~ (cloud).
  9998 | D:8      | 9998 ||| INVOKING Heroism.
 10005 | D:8      | 10005 ||| Stepping ~*~*~tactically~*~*~ (cloud).
 10085 | D:8      | 10085 ||| Stepping ~*~*~tactically~*~*~ (stealth).
 10092 | D:8      | 10092 ||| Stepping ~*~*~tactically~*~*~ (stealth).
 10114 | D:8      | 10114 ||| Stepping ~*~*~tactically~*~*~ (stealth).
 10121 | D:8      | 10121 ||| Stepping ~*~*~tactically~*~*~ (stealth).
 10138 | D:8      | 10138 ||| DROPPING +2 flail of protection.
 10343 | D:8      | 10343 ||| PLANNING LAIR
 10343 | D:8      | 10343 ||| UPGRADING to +0 buckler.
 10390 | Lair:1   | Entered Level 1 of the Lair of Beasts
 10391 | Lair:1   | 10391 ||| PLANNING GAUNTLET
 10465 | Lair:1   | Noticed a cane toad
 10466 | Lair:1   | 10466 ||| INVOKING Heroism.
 10473 | Lair:1   | Killed a cane toad
 10474 | Lair:1   | Reached skill level 2 in Shields
 10519 | Lair:1   | Reached skill level 3 in Shields
 10537 | Lair:1   | 10537 ||| INVOKING Heroism.
 10543 | Lair:1   | Reached **** piety under Okawaru
 10544 | Lair:1   | Reached skill level 4 in Shields
 10553 | Lair:1   | Reached XP level 11. HP: 63/68 MP: 12/14
 10555 | Lair:1   | Reached skill level 5 in Shields
 10558 | Lair:1   | 10558 ||| INVOKING Heroism.
 10760 | Lair:1   | 10760 ||| Stepping ~*~*~tactically~*~*~ (stealth).
 10761 | Lair:1   | 10761 ||| Stepping ~*~*~tactically~*~*~ (stealth).
 10762 | Lair:1   | 10762 ||| INVOKING Heroism.
 10827 | Lair:1   | Found a gate leading to a gauntlet.
 10828 | Lair:1   | 10828 ||| READING 2 scrolls labelled PIOTREXTEK.
 10829 | Lair:1   | 10829 ||| READING scroll of enchant armour.
 10829 | Lair:1   | 10829 ||| ENCHANTING +0 plate armour.
 10830 | Lair:1   | 10830 ||| READING 2 scrolls of identify.
 10830 | Lair:1   | 10830 ||| IDENTIFYING glowing grey potion
 10836 | Gauntlet | Entered a Gauntlet
 10836 | Gauntlet | Found a transporter.
 10845 | Gauntlet | Found a transporter.
 10848 | Gauntlet | Found a transporter.
 10849 | Gauntlet | Found a transporter.
 10852 | Gauntlet | Noticed a soul eater
 10860 | Gauntlet | Found a transporter.
 10860 | Gauntlet | Found a transporter.
 10861 | Gauntlet | Found a transporter.
 10863 | Gauntlet | Noticed a sixfirhy
 10867 | Gauntlet | Noticed a sixfirhy
 10867 | Gauntlet | Noticed a sixfirhy
 10869 | Gauntlet | Found a transporter.
 10869 | Gauntlet | Noticed a sixfirhy
 10872 | Gauntlet | Found a transporter.
 10873 | Gauntlet | Found a transporter.
 10877 | Gauntlet | Noticed a blizzard demon
 10881 | Gauntlet | Found a transporter.
 10884 | Gauntlet | Found a transporter.
 10885 | Gauntlet | Found a transporter.
 10888 | Gauntlet | Noticed a green death
 10893 | Gauntlet | Found a transporter.
 10974 | Gauntlet | 10974 ||| INVOKING Heroism.
 10981 | Gauntlet | Reached skill level 6 in Invocations
 11082 | Gauntlet | 11082 ||| INVOKING Heroism.
 11088 | Gauntlet | Killed a soul eater
 11089 | Gauntlet | Reached skill level 3 in Dodging
 11232 | Gauntlet | 11232 ||| Stepping randomly (stuck).
 11238 | Gauntlet | 11238 ||| INVOKING Heroism.
 11239 | Gauntlet | Killed a sixfirhy
 11239 | Gauntlet | Received a gift from Okawaru
 11241 | Gauntlet | Killed a sixfirhy
 11252 | Gauntlet | Killed a sixfirhy
 11253 | Gauntlet | Killed a sixfirhy
 11253 | Gauntlet | Reached ***** piety under Okawaru
 11421 | Gauntlet | 11421 ||| Stepping randomly (stuck).
 11423 | Gauntlet | 11423 ||| Stepping randomly (stuck).
 11424 | Gauntlet | 11424 ||| Stepping randomly (stuck).
 11425 | Gauntlet | 11425 ||| Stepping randomly (stuck).
 11431 | Gauntlet | Killed a blizzard demon
 11515 | Gauntlet | 11515 ||| READING 2 scrolls of identify.
 11515 | Gauntlet | 11515 ||| IDENTIFYING white potion
 11526 | Gauntlet | 11526 ||| INVOKING Heroism.
 11529 | Gauntlet | Killed a green death
 11529 | Gauntlet | Received a gift from Okawaru
 11530 | Gauntlet | Reached skill level 9 in Fighting
 11683 | Gauntlet | Noticed a minotaur
 11684 | Gauntlet | 11684 ||| Stepping ~*~*~tactically~*~*~ (stealth).
 11685 | Gauntlet | 11685 ||| Stepping ~*~*~tactically~*~*~ (stealth).
 11687 | Gauntlet | 11687 ||| INVOKING Heroism.
 11688 | Gauntlet | 11688 ||| INVOKING Finesse.
 11712 | Gauntlet | Killed a minotaur
 11713 | Gauntlet | Reached XP level 12. HP: 61/76 MP: 11/18
 11780 | Gauntlet | 11780 ||| READING scroll of enchant armour.
 11780 | Gauntlet | 11780 ||| ENCHANTING +1 plate armour.
 11788 | Gauntlet | 11788 ||| SWAPPING to +5 war axe of venom.
 11789 | Gauntlet | 11789 ||| DROPPING +2 war axe of venom.
 11790 | Gauntlet | 11790 ||| READING scroll of enchant weapon.
 11790 | Gauntlet | 11790 ||| ENCHANTING +5 war axe of venom.
 11886 | Gauntlet | 11886 ||| UPGRADING to +1 cloak of preservation.
 11891 | Gauntlet | 11891 ||| DROPPING ring of ice.
 11918 | Lair:1   | 11918 ||| PLANNING LAIR
 12001 | Lair:1   | 12001 ||| INVOKING Heroism.
 12011 | Lair:1   | Reached skill level 9 in Invocations
 12092 | Lair:2   | 12092 ||| INVOKING Heroism.
 12179 | Lair:2   | 12179 ||| READING scroll of enchant weapon.
 12179 | Lair:2   | 12179 ||| ENCHANTING +6 war axe of venom.
 12315 | Lair:2   | 12315 ||| Stepping ~*~*~tactically~*~*~ (stealth).
 12317 | Lair:2   | 12317 ||| INVOKING Heroism.
 12330 | Lair:2   | Noticed a four-headed hydra
 12331 | Lair:2   | 12331 ||| INVOKING Finesse.
 12336 | Lair:2   | Killed a four-headed hydra
 12444 | Lair:2   | Received a gift from Okawaru
 12463 | Lair:2   | 12463 ||| DROPPING +0 antimagic flail.
 12505 | Lair:2   | 12505 ||| Stepping ~*~*~tactically~*~*~ (hiding).
 12679 | Lair:2   | Found a staircase to the Shoals.
 13027 | Lair:2   | 13027 ||| Stepping ~*~*~tactically~*~*~ (stealth).
 13029 | Lair:2   | 13029 ||| Stepping ~*~*~tactically~*~*~ (stealth).
 13035 | Lair:2   | 13035 ||| FLEEEEING.
 13036 | Lair:2   | 13036 ||| FLEEEEING.
 13037 | Lair:2   | 13037 ||| FLEEEEING.
 13039 | Lair:2   | 13039 ||| FLEEEEING.
 13040 | Lair:2   | 13040 ||| FLEEEEING.
 13041 | Lair:2   | 13041 ||| FLEEEEING.
 13042 | Lair:2   | 13042 ||| FLEEEEING.
 13043 | Lair:2   | 13043 ||| FLEEEEING.
 13044 | Lair:2   | 13044 ||| FLEEEEING.
 13045 | Lair:2   | 13045 ||| FLEEEEING.
 13047 | Lair:2   | 13047 ||| FLEEEEING.
 13048 | Lair:2   | 13048 ||| FLEEEEING.
 13049 | Lair:2   | 13049 ||| FLEEEEING.
 13050 | Lair:2   | 13050 ||| FLEEEEING.
 13051 | Lair:2   | 13051 ||| FLEEEEING.
 13052 | Lair:2   | 13052 ||| FLEEEEING.
 13053 | Lair:2   | 13053 ||| FLEEEEING.
 13054 | Lair:2   | 13054 ||| FLEEEEING.
 13055 | Lair:2   | 13055 ||| FLEEEEING.
 13056 | Lair:2   | 13056 ||| FLEEEEING.
 13057 | Lair:2   | 13057 ||| FLEEEEING.
 13058 | Lair:2   | 13058 ||| FLEEEEING.
 13059 | Lair:2   | 13059 ||| FLEEEEING.
 13060 | Lair:2   | 13060 ||| FLEEEEING.
 13061 | Lair:2   | 13061 ||| FLEEEEING.
 13062 | Lair:2   | 13062 ||| FLEEEEING.
 13063 | Lair:2   | 13063 ||| FLEEEEING.
 13064 | Lair:2   | 13064 ||| FLEEEEING.
 13065 | Lair:2   | 13065 ||| FLEEEEING.
 13066 | Lair:2   | 13066 ||| FLEEEEING.
 13067 | Lair:2   | 13067 ||| FLEEEEING.
 13068 | Lair:2   | 13068 ||| FLEEEEING.
 13069 | Lair:2   | 13069 ||| FLEEEEING.
 13072 | Lair:2   | 13072 ||| Stepping ~*~*~tactically~*~*~ (stealth).
 13279 | Lair:2   | 13279 ||| INVOKING Heroism.
 13283 | Lair:2   | Reached skill level 12 in Axes
 13294 | Lair:2   | Reached skill level 6 in Shields
 13457 | Lair:2   | Noticed a seven-headed hydra
 13459 | Lair:2   | 13459 ||| INVOKING Heroism.
 13460 | Lair:2   | 13460 ||| SWAPPING to +0 morningstar.
 13461 | Lair:2   | 13461 ||| INVOKING Finesse.
 13466 | Lair:2   | Killed a seven-headed hydra
 13466 | Lair:2   | Received a gift from Okawaru
 13467 | Lair:2   | 13467 ||| SWAPPING to +7 war axe of venom.
 13533 | Lair:2   | Noticed a five-headed hydra
 13534 | Lair:2   | 13534 ||| INVOKING Heroism.
 13535 | Lair:2   | 13535 ||| INVOKING Finesse.
 13537 | Lair:2   | 13537 ||| SWAPPING to +0 morningstar.
 13540 | Lair:2   | Killed a five-headed hydra
 13541 | Lair:2   | 13541 ||| SWAPPING to +7 war axe of venom.
 13947 | Lair:2   | 13947 ||| READING 2 scrolls of identify.
 13947 | Lair:2   | 13947 ||| IDENTIFYING smoky coppery potion
 13948 | Lair:2   | 13948 ||| DRINKING potion of experience.
 13948 | Lair:2   | Reached XP level 13. HP: 82/82 MP: 20/20
 14134 | Lair:3   | 14134 ||| Stepping ~*~*~tactically~*~*~ (stealth).
 14135 | Lair:3   | 14135 ||| INVOKING Heroism.
 14136 | Lair:3   | 14136 ||| INVOKING Finesse.
 14143 | Lair:3   | Received a gift from Okawaru
 14159 | Lair:3   | Reached skill level 9 in Armour
 14165 | Lair:3   | Gained mutation: Your large and strong wings let you fly.
                  | [Gargoyle growth]
 14165 | Lair:3   | Reached XP level 14. HP: 56/88 MP: 15/21
 14334 | Lair:3   | 14334 ||| Stepping ~*~*~tactically~*~*~ (stealth).
 14336 | Lair:3   | 14336 ||| Stepping ~*~*~tactically~*~*~ (hiding).
 14339 | Lair:3   | 14339 ||| Stepping ~*~*~tactically~*~*~ (hiding).
 14391 | Lair:3   | 14391 ||| INVOKING Heroism.
 14392 | Lair:3   | 14392 ||| INVOKING Finesse.
 14395 | Lair:3   | 14395 ||| SWAPPING to +0 morningstar.
 14399 | Lair:3   | 14399 ||| SWAPPING to +7 war axe of venom.
 14435 | Lair:3   | Identified the ring of Ecwaloith {rCorr Dex+7}
 14502 | Lair:3   | 14502 ||| Stepping ~*~*~tactically~*~*~ (stealth).
 14513 | Lair:3   | 14513 ||| INVOKING Heroism.
 14545 | Lair:3   | Found a staircase to the Snake Pit.
 14696 | Lair:3   | 14696 ||| INVOKING Heroism.
 14938 | Lair:3   | 14938 ||| Stepping ~*~*~tactically~*~*~ (hiding).
 15156 | Lair:3   | 15156 ||| UPGRADING to +2 hat of see invisible.
 15166 | Lair:3   | 15166 ||| DROPPING ring of protection from cold.
 15167 | Lair:3   | 15167 ||| UPGRADING to ring of Ecwaloith {rCorr Dex+7}.
 15423 | Lair:4   | 15423 ||| Stepping ~*~*~tactically~*~*~ (hiding).
 15624 | Lair:4   | 15624 ||| Stepping ~*~*~tactically~*~*~ (hiding).
 15704 | Lair:4   | 15704 ||| INVOKING Heroism.
 15962 | Lair:4   | 15962 ||| INVOKING Heroism.
 15963 | Lair:4   | 15963 ||| Stepping ~*~*~tactically~*~*~ (stealth).
 15964 | Lair:4   | 15964 ||| INVOKING Finesse.
 16103 | Lair:4   | 16103 ||| DROPPING amulet of magic regeneration.
 16104 | Lair:4   | 16104 ||| READING 5 scrolls of identify.
 16104 | Lair:4   | 16104 ||| IDENTIFYING viscous green potion
 16105 | Lair:4   | 16105 ||| DROPPING potion of invisibility.
 16116 | Lair:5   | Entered Level 5 of the Lair of Beasts
 16119 | Lair:5   | 16119 ||| Stepping ~*~*~tactically~*~*~ (stealth).
 16186 | Lair:5   | 16186 ||| Stepping ~*~*~tactically~*~*~ (hiding).
 16187 | Lair:5   | 16187 ||| Stepping ~*~*~tactically~*~*~ (hiding).
 16242 | Lair:5   | 16242 ||| FLEEEEING.
 16243 | Lair:5   | 16243 ||| FLEEEEING.
 16244 | Lair:5   | 16244 ||| FLEEEEING.
 16245 | Lair:5   | 16245 ||| FLEEEEING.
 16246 | Lair:5   | 16246 ||| FLEEEEING.
 16249 | Lair:5   | 16249 ||| Stepping ~*~*~tactically~*~*~ (stealth).
 16250 | Lair:5   | 16250 ||| INVOKING Heroism.
 16253 | Lair:5   | 16253 ||| INVOKING Finesse.
 16377 | Lair:5   | 16377 ||| Stepping ~*~*~tactically~*~*~ (stealth).
 16424 | Lair:5   | 16424 ||| INVOKING Heroism.
 16552 | Lair:5   | 16552 ||| Stepping ~*~*~tactically~*~*~ (stealth).
 16607 | Lair:5   | 16607 ||| INVOKING Heroism.
 16608 | Lair:5   | 16608 ||| INVOKING Finesse.
 16620 | Lair:5   | Reached skill level 7 in Shields
 16626 | Lair:5   | Identified the +0 ring mail of the Slightly Bent {Int+3
                  | Slay+3} (Okawaru gifted it to you on level 5 of the Lair of
                  | Beasts)
 16626 | Lair:5   | Received a gift from Okawaru
 16887 | Lair:5   | 16887 ||| Stepping ~*~*~tactically~*~*~ (hiding).
 16889 | Lair:5   | 16889 ||| INVOKING Heroism.
 16890 | Lair:5   | 16890 ||| INVOKING Finesse.
 16997 | Lair:5   | 16997 ||| INVOKING Heroism.
 17001 | Lair:5   | 17001 ||| INVOKING Finesse.
 17037 | Lair:5   | 17037 ||| Stepping ~*~*~tactically~*~*~ (stealth).
 17039 | Lair:5   | 17039 ||| INVOKING Heroism.
 17055 | Lair:5   | Reached XP level 15. HP: 91/94 MP: 17/22
 17107 | Lair:5   | 17107 ||| Stepping ~*~*~tactically~*~*~ (stealth).
 17109 | Lair:5   | 17109 ||| Stepping ~*~*~tactically~*~*~ (stealth).
 17111 | Lair:5   | 17111 ||| Stepping ~*~*~tactically~*~*~ (stealth).
 17117 | Lair:5   | 17117 ||| Stepping ~*~*~tactically~*~*~ (stealth).
 17118 | Lair:5   | 17118 ||| INVOKING Heroism.
 17260 | Lair:5   | 17260 ||| Stepping ~*~*~tactically~*~*~ (stealth).
 17299 | Lair:5   | 17299 ||| Stepping ~*~*~tactically~*~*~ (stealth).
 17420 | Lair:5   | 17420 ||| Stepping ~*~*~tactically~*~*~ (stealth).
 17422 | Lair:5   | 17422 ||| Stepping ~*~*~tactically~*~*~ (stealth).
 17425 | Lair:5   | 17425 ||| Stepping ~*~*~tactically~*~*~ (stealth).
 17635 | Lair:5   | Found a staircase to the Slime Pits.
 17659 | Lair:5   | 17659 ||| Stepping ~*~*~tactically~*~*~ (stealth).
 17661 | Lair:5   | 17661 ||| INVOKING Heroism.
 17844 | Lair:5   | 17844 ||| INVOKING Heroism.
 17858 | Lair:5   | Reached skill level 15 in Axes
 18049 | Lair:5   | 18049 ||| PLANNING D:1-11
 18049 | Lair:5   | 18049 ||| UPGRADING to +0 pair of boots.
 18054 | Lair:5   | 18054 ||| UPGRADING to +0 pair of gloves.
 18059 | Lair:5   | 18059 ||| UPGRADING to +1 pair of boots.
 18069 | Lair:5   | 18069 ||| DROPPING +0 pair of boots.
 18567 | D:9      | 18567 ||| FLEEEEING.
 18568 | D:9      | 18568 ||| FLEEEEING.
 18710 | D:9      | 18710 ||| Stepping ~*~*~tactically~*~*~ (hiding).
 19256 | D:10     | Entered Level 10 of the Dungeon
 19256 | D:10     | Noticed Urug
 19257 | D:10     | 19257 ||| INVOKING Heroism.
 19258 | D:10     | 19258 ||| INVOKING Finesse.
 19269 | D:10     | Killed Urug
 19452 | D:10     | 19452 ||| Stepping ~*~*~tactically~*~*~ (hiding).
 19453 | D:10     | 19453 ||| Stepping ~*~*~tactically~*~*~ (hiding).
 19461 | D:10     | Identified the +1 chain mail of the Stallion {Will- Int+4
                  | Dex+2} (Okawaru gifted it to you on level 10 of the
                  | Dungeon)
 19461 | D:10     | Received a gift from Okawaru
 19511 | D:10     | Noticed Nergalle
 19513 | D:10     | 19513 ||| INVOKING Heroism.
 19531 | D:10     | Killed Nergalle
 19547 | D:10     | 19547 ||| Stepping ~*~*~tactically~*~*~ (stealth).
 19582 | D:10     | 19582 ||| INVOKING Heroism.
 19594 | D:10     | 19594 ||| Stepping ~*~*~tactically~*~*~ (stealth).
 19595 | D:10     | 19595 ||| Stepping ~*~*~tactically~*~*~ (stealth).
 19596 | D:10     | 19596 ||| Stepping ~*~*~tactically~*~*~ (stealth).
 19612 | D:10     | Found a staircase to the Orcish Mines.
 19615 | D:10     | 19615 ||| Stepping ~*~*~tactically~*~*~ (hiding).
 19626 | D:10     | 19626 ||| Stepping ~*~*~tactically~*~*~ (stealth).
 19632 | D:10     | 19632 ||| Stepping ~*~*~tactically~*~*~ (stealth).
 19858 | D:10     | Noticed Maurice
 19866 | D:10     | Killed Maurice
 20002 | D:10     | Found a shadowy altar of Dithmenos.
 20027 | D:10     | 20027 ||| Stepping ~*~*~tactically~*~*~ (hiding).
 20058 | D:10     | Noticed Josephine
 20059 | D:10     | 20059 ||| Stepping ~*~*~tactically~*~*~ (hiding).
 20072 | D:10     | Killed Josephine
 20076 | D:10     | 20076 ||| Stepping ~*~*~tactically~*~*~ (stealth).
 20161 | D:10     | 20161 ||| Stepping ~*~*~tactically~*~*~ (stealth).
 20353 | D:10     | 20353 ||| DROPPING +1 chain mail of the Stallion {Will-
                  | Int+4 Dex+2}.
 20354 | D:10     | 20354 ||| UPGRADING to +0 cloak of willpower.
 20392 | D:11     | Reached skill level 12 in Fighting
 20396 | D:11     | Noticed Gastronok
 20397 | D:11     | 20397 ||| FLEEEEING.
 20404 | D:11     | 20404 ||| STAIRDANCE
 20534 | D:11     | Noticed Amaemon
 20540 | D:11     | 20540 ||| INVOKING Heroism.
 20554 | D:11     | Killed Amaemon
 20557 | D:11     | 20557 ||| DROPPING +0 morningstar.
 20747 | D:11     | 20747 ||| INVOKING Heroism.
 20748 | D:11     | 20748 ||| INVOKING Finesse.
 20752 | D:11     | 20752 ||| SWAPPING to +1 demon whip of venom.
 20753 | D:11     | 20753 ||| Stepping ~*~*~tactically~*~*~ (outnumbered).
 20754 | D:11     | 20754 ||| Stepping ~*~*~tactically~*~*~ (outnumbered).
 20760 | D:11     | 20760 ||| Stepping ~*~*~tactically~*~*~ (outnumbered).
 20763 | D:11     | 20763 ||| SWAPPING to +7 war axe of venom.
 20765 | D:11     | 20765 ||| SWAPPING to +1 demon whip of venom.
 20768 | D:11     | 20768 ||| Stepping ~*~*~tactically~*~*~ (outnumbered).
 20769 | D:11     | 20769 ||| Stepping ~*~*~tactically~*~*~ (outnumbered).
 20770 | D:11     | 20770 ||| Stepping ~*~*~tactically~*~*~ (outnumbered).
 20771 | D:11     | 20771 ||| Stepping ~*~*~tactically~*~*~ (outnumbered).
 20772 | D:11     | 20772 ||| Stepping ~*~*~tactically~*~*~ (outnumbered).
 20773 | D:11     | 20773 ||| INVOKING Finesse.
 20774 | D:11     | 20774 ||| Stepping ~*~*~tactically~*~*~ (outnumbered).
 20780 | D:11     | 20780 ||| Stepping ~*~*~tactically~*~*~ (outnumbered).
 20785 | D:11     | HP: 22/96 [Gastronok (16)]
 20786 | D:11     | 20786 ||| READING 3 scrolls of teleportation.
 20787 | D:11     | 20787 ||| DRINKING 5 potions of heal wounds.
 20791 | D:11     | HP: 22/96 [eight-headed hydra (4)]
 20792 | D:11     | 20792 ||| DRINKING 4 potions of heal wounds.
 20797 | D:11     | HP: 21/96 [eight-headed hydra (5)]
 20798 | D:11     | 20798 ||| READING 2 scrolls of teleportation.
 20798 | D:11     | HP: 10/96 [eight-headed hydra (9)]
 20799 | D:11     | 20799 ||| DRINKING 3 potions of heal wounds.
 20800 | D:11     | 20800 ||| DRINKING 2 potions of heal wounds.
 20801 | D:11     | 20801 ||| INVOKING Heroism.
 20802 | D:11     | 20802 ||| SWAPPING to +7 war axe of venom.
 20834 | D:11     | Killed Gastronok
 21067 | D:11     | 21067 ||| INVOKING Heroism.
 21126 | D:11     | 21126 ||| INVOKING Heroism.
 21195 | D:11     | 21195 ||| INVOKING Heroism.
 21313 | D:11     | 21313 ||| INVOKING Heroism.
 21314 | D:11     | 21314 ||| SWAPPING to +1 demon whip of venom.
 21315 | D:11     | 21315 ||| INVOKING Finesse.
 21329 | D:11     | 21329 ||| SWAPPING to +7 war axe of venom.
 21551 | D:11     | 21551 ||| Stepping ~*~*~tactically~*~*~ (stealth).
 21610 | D:11     | 21610 ||| Stepping ~*~*~tactically~*~*~ (stealth).
 21809 | D:11     | Identified the +8 morningstar "Javal" {drain, rElec rN+}
 21874 | D:11     | 21874 ||| PLANNING D
 21874 | D:11     | 21874 ||| DROPPING orb of wrath.
 21875 | D:11     | 21875 ||| READING scroll labelled URRAUL LEA.
 21910 | D:12     | 21910 ||| INVOKING Heroism.
 22108 | D:12     | 22108 ||| INVOKING Heroism.
 22123 | D:12     | 22123 ||| SWAPPING to +1 vampiric war axe.
 22124 | D:12     | 22124 ||| DROPPING +7 war axe of venom.
 22174 | D:12     | 22174 ||| FLEEEEING.
 22175 | D:12     | 22175 ||| FLEEEEING.
 22176 | D:12     | 22176 ||| STAIRDANCE
 22470 | D:12     | 22470 ||| INVOKING Heroism.
 22693 | D:12     | 22693 ||| INVOKING Heroism.
 22711 | D:12     | Received a gift from Okawaru
 22834 | D:12     | 22834 ||| Stepping ~*~*~tactically~*~*~ (hiding).
 23002 | D:12     | 23002 ||| INVOKING Heroism.
 23011 | D:12     | Reached skill level 8 in Shields
 23067 | D:12     | 23067 ||| INVOKING Heroism.
 23193 | D:12     | 23193 ||| UPGRADING to amulet of regeneration.
 23242 | D:13     | 23242 ||| Stepping ~*~*~tactically~*~*~ (stealth).
 23247 | D:13     | 23247 ||| Stepping ~*~*~tactically~*~*~ (stealth).
 23253 | D:13     | 23253 ||| Stepping ~*~*~tactically~*~*~ (hiding).
 23330 | D:13     | 23330 ||| INVOKING Heroism.
 23337 | D:13     | HP: 20/96 [+5 long sword (10)]
 23338 | D:13     | 23338 ||| READING scroll of teleportation.
 23339 | D:13     | 23339 ||| DRINKING potion of heal wounds.
 23342 | D:13     | Received a gift from Okawaru
 23520 | D:13     | 23520 ||| Stepping ~*~*~tactically~*~*~ (stealth).
 23522 | D:13     | 23522 ||| INVOKING Heroism.
 23523 | D:13     | 23523 ||| SWAPPING to +8 morningstar "Javal" {drain, rElec
                  | rN+}.
 23524 | D:13     | 23524 ||| SWAPPING to +1 vampiric war axe.
 23526 | D:13     | 23526 ||| SWAPPING to +8 morningstar "Javal" {drain, rElec
                  | rN+}.
 23527 | D:13     | 23527 ||| INVOKING Finesse.
 23533 | D:13     | 23533 ||| SWAPPING to +1 vampiric war axe.
 23538 | D:13     | Reached skill level 12 in Armour
 23618 | D:13     | 23618 ||| Stepping ~*~*~tactically~*~*~ (stealth).
 23627 | D:13     | 23627 ||| INVOKING Heroism.
 23639 | D:13     | Reached XP level 16. HP: 39/101 MP: 21/23
 23704 | D:13     | Found a gate to the Vaults.
 23961 | D:13     | 23961 ||| DROPPING scarf of shadows.
 23987 | D:14     | 23987 ||| STAIRDANCE
 23994 | D:13     | 23994 ||| INVOKING Heroism.
 24022 | D:14     | 24022 ||| STAIRDANCE
 24082 | D:14     | 24082 ||| Stepping ~*~*~tactically~*~*~ (stealth).
 24096 | D:14     | Reached skill level 6 in Dodging
 24133 | D:14     | You are sucked into a shaft and drop 1 floor!
 24133 | D:15     | Entered Level 15 of the Dungeon
 24139 | D:15     | 24139 ||| Stepping ~*~*~tactically~*~*~ (hiding).
 24145 | D:15     | 24145 ||| INVOKING Heroism.
 24309 | D:15     | Found a staircase to the Depths.
 24327 | D:15     | 24327 ||| INVOKING Heroism.
 24416 | D:15     | 24416 ||| Stepping ~*~*~tactically~*~*~ (stealth).
 24418 | D:15     | 24418 ||| Stepping ~*~*~tactically~*~*~ (stealth).
 24452 | D:15     | 24452 ||| DROPPING +1 cloak of preservation.
 24509 | D:14     | Noticed Jorgrun
 24510 | D:14     | 24510 ||| Stepping ~*~*~tactically~*~*~ (hiding).
 24515 | D:14     | Noticed Rupert
 24515 | D:14     | 24515 ||| INVOKING Heroism.
 24516 | D:14     | 24516 ||| INVOKING Finesse.
 24541 | D:14     | Killed Rupert
 24554 | D:14     | Killed Jorgrun
 24557 | D:14     | 24557 ||| Stepping ~*~*~tactically~*~*~ (stealth).
 24603 | D:14     | 24603 ||| READING scroll of enchant weapon.
 24603 | D:14     | 24603 ||| ENCHANTING +1 vampiric war axe.
 24692 | D:14     | Identified Roxanne's Omnibus of Forms
 24692 | D:14     | Noticed Roxanne
 24693 | D:14     | 24693 ||| INVOKING Heroism.
 24694 | D:14     | 24694 ||| INVOKING Finesse.
 24742 | D:14     | Killed Roxanne
 24805 | D:14     | 24805 ||| Stepping ~*~*~tactically~*~*~ (stealth).
 24806 | D:14     | 24806 ||| Stepping ~*~*~tactically~*~*~ (stealth).
 24814 | D:14     | 24814 ||| INVOKING Heroism.
 24848 | D:14     | 24848 ||| READING scroll of enchant armour.
 24848 | D:14     | 24848 ||| ENCHANTING +0 pair of gloves.
 25185 | D:15     | 25185 ||| INVOKING Heroism.
 25205 | D:15     | Reached skill level 9 in Shields
 25471 | D:15     | 25471 ||| PLANNING ORC
 25471 | D:15     | 25471 ||| READING scroll labelled GEWINALETY.
 25663 | D:10     | 25663 ||| Stepping ~*~*~tactically~*~*~ (stealth).
 25678 | Orc:1    | Entered Level 1 of the Orcish Mines
 25786 | Orc:2    | Entered Level 2 of the Orcish Mines
 25787 | Orc:2    | 25787 ||| INVOKING Heroism.
 25788 | Orc:2    | 25788 ||| INVOKING Finesse.
 25836 | Orc:2    | 25836 ||| INVOKING Heroism.
 25837 | Orc:2    | 25837 ||| INVOKING Finesse.
 25958 | Orc:2    | 25958 ||| Stepping ~*~*~tactically~*~*~ (stealth).
 25963 | Orc:2    | 25963 ||| Stepping ~*~*~tactically~*~*~ (stealth).
 25999 | Orc:2    | Found a staircase to the Elven Halls.
 26003 | Orc:2    | 26003 ||| Stepping ~*~*~tactically~*~*~ (stealth).
 26043 | Orc:2    | 26043 ||| Stepping ~*~*~tactically~*~*~ (hiding).
 26084 | Orc:2    | 26084 ||| Stepping ~*~*~tactically~*~*~ (hiding).
 26087 | Orc:2    | 26087 ||| INVOKING Heroism.
 26161 | Orc:2    | 26161 ||| INVOKING Heroism.
 26346 | Orc:2    | 26346 ||| INVOKING Heroism.
 26383 | Orc:2    | 26383 ||| INVOKING Finesse.
 26398 | Orc:2    | 26398 ||| INVOKING Heroism.
 26433 | Orc:2    | Identified the +2 hat of the Flute {Rampage} (Okawaru
                  | gifted it to you on level 2 of the Orcish Mines)
 26433 | Orc:2    | Received a gift from Okawaru
 26457 | Orc:2    | Found Seuh Roi's Antique Armour Shoppe.
 26460 | Orc:2    | Found Nicailie's Antique Weapon Emporium.
 26470 | Orc:2    | 26470 ||| BUYING slimy plate armour (644 gold).
 26470 | Orc:2    | Bought a slimy plate armour for 644 gold pieces
 26470 | Orc:2    | Identified the +10 plate armour of Muttered Phrases
                  | {Rampage Int+5} (You bought it in a shop on level 2 of the
                  | Orcish Mines)
 26476 | Orc:2    | 26476 ||| BUYING glowing morningstar (231 gold).
 26476 | Orc:2    | Bought a glowing morningstar for 231 gold pieces
 26476 | Orc:2    | 26476 ||| DROPPING +0 morningstar of protection.
 26578 | Orc:2    | 26578 ||| Stepping ~*~*~tactically~*~*~ (hiding).
 26684 | Orc:2    | 26684 ||| Stepping ~*~*~tactically~*~*~ (hiding).
 26697 | Orc:2    | 26697 ||| Stepping ~*~*~tactically~*~*~ (stealth).
 26700 | Orc:2    | 26700 ||| Stepping ~*~*~tactically~*~*~ (stealth).
 26702 | Orc:2    | 26702 ||| INVOKING Heroism.
 26719 | Orc:2    | Found Awiuse's General Store.
 26727 | Orc:2    | 26727 ||| BUYING potion of haste (130 gold).
 26727 | Orc:2    | Bought a potion of haste for 130 gold pieces
 26727 | Orc:2    | 26727 ||| BUYING ring "Goes" {Str+3 Dex+6} (640 gold).
 26727 | Orc:2    | Bought the ring "Goes" {Str+3 Dex+6} for 640 gold pieces
 26727 | Orc:2    | 26727 ||| BUYING scroll of enchant armour (97 gold).
 26727 | Orc:2    | Bought a scroll of enchant armour for 97 gold pieces
 26727 | Orc:2    | 26727 ||| READING scroll of enchant armour.
 26727 | Orc:2    | 26727 ||| ENCHANTING +1 pair of gloves.
 26772 | Orc:2    | 26772 ||| Stepping ~*~*~tactically~*~*~ (stealth).
 26773 | Orc:2    | 26773 ||| INVOKING Heroism.
 26774 | Orc:2    | Found Ehash's Weapon Emporium.
 26860 | Orc:2    | 26860 ||| INVOKING Heroism.
 26929 | Orc:2    | 26929 ||| DROPPING +2 hat of the Flute {Rampage}.
 26930 | Orc:2    | 26930 ||| UPGRADING to +2 plate armour of cold resistance.
 26940 | Orc:2    | 26940 ||| DROPPING +2 plate armour.
 26941 | Orc:2    | 26941 ||| UPGRADING to +10 plate armour of Muttered Phrases
                  | {Rampage Int+5}.
 26951 | Orc:2    | 26951 ||| DROPPING +2 plate armour of cold resistance.
 26952 | Orc:2    | 26952 ||| UPGRADING to ring "Goes" {Str+3 Dex+6}.
 26980 | Orc:1    | 26980 ||| INVOKING Heroism.
 27012 | Orc:1    | Noticed Erica
 27013 | Orc:1    | 27013 ||| Stepping ~*~*~tactically~*~*~ (stealth).
 27015 | Orc:1    | 27015 ||| Stepping ~*~*~tactically~*~*~ (hiding).
 27017 | Orc:1    | 27017 ||| INVOKING Finesse.
 27027 | Orc:1    | Killed Erica
 27028 | Orc:1    | 27028 ||| INVOKING Heroism.
 27071 | Orc:1    | 27071 ||| Stepping ~*~*~tactically~*~*~ (stealth).
 27072 | Orc:1    | 27072 ||| Stepping ~*~*~tactically~*~*~ (stealth).
 27089 | Orc:1    | 27089 ||| Stepping ~*~*~tactically~*~*~ (stealth).
 27098 | Orc:1    | You are sucked into a shaft and drop 1 floor!
 27169 | Orc:1    | 27169 ||| INVOKING Heroism.
 27236 | Orc:1    | 27236 ||| INVOKING Heroism.
 27404 | Orc:1    | 27404 ||| PLANNING SHOALS:1-3
 27627 | Shoals:1 | Entered Level 1 of the Shoals
 27657 | Shoals:1 | 27657 ||| Stepping ~*~*~tactically~*~*~ (hiding).
 27659 | Shoals:1 | 27659 ||| Stepping ~*~*~tactically~*~*~ (hiding).
 27660 | Shoals:1 | 27660 ||| Stepping ~*~*~tactically~*~*~ (hiding).
 27661 | Shoals:1 | 27661 ||| Stepping ~*~*~tactically~*~*~ (hiding).
 27662 | Shoals:1 | 27662 ||| Stepping ~*~*~tactically~*~*~ (hiding).
 27664 | Shoals:1 | 27664 ||| INVOKING Heroism.
 27752 | Shoals:1 | Noticed Mlioglotl
 27753 | Shoals:1 | 27753 ||| INVOKING Heroism.
 27775 | Shoals:1 | Gained mutation: You sometimes lose your temper in combat.
                  | [a neqoxec]
 27777 | Shoals:1 | Killed Mlioglotl
 27786 | Shoals:1 | 27786 ||| DRINKING 6 potions of mutation.
 27786 | Shoals:1 | Lost mutation: You sometimes lose your temper in combat.
                  | [potion of mutation]
 27786 | Shoals:1 | Gained mutation: Your body sometimes deteriorates upon
                  | taking damage. [potion of mutation]
 27786 | Shoals:1 | Gained mutation: You are covered in fur. (AC +1) [potion of
                  | mutation]
 27786 | Shoals:1 | Gained mutation: You have a somewhat thin skeletal
                  | structure. (Dex +2, Stealth+) [potion of mutation]
 27786 | Shoals:1 | Gained mutation: Your flesh is cold resistant. (rC+)
                  | [potion of mutation]
 27794 | Shoals:1 | 27794 ||| Stepping ~*~*~tactically~*~*~ (stealth).
 27797 | Shoals:1 | 27797 ||| Stepping ~*~*~tactically~*~*~ (stealth).
 27799 | Shoals:1 | 27799 ||| Stepping ~*~*~tactically~*~*~ (stealth).
 27800 | Shoals:1 | 27800 ||| Stepping ~*~*~tactically~*~*~ (stealth).
 27805 | Shoals:1 | 27805 ||| Stepping ~*~*~tactically~*~*~ (stealth).
 27900 | Shoals:1 | 27900 ||| INVOKING Heroism.
 28023 | Shoals:1 | 28023 ||| INVOKING Heroism.
 28157 | Shoals:1 | 28157 ||| INVOKING Heroism.
 28393 | Shoals:1 | 28393 ||| READING 18 scrolls of identify.
 28393 | Shoals:1 | 28393 ||| IDENTIFYING bubbling golden potion
 28428 | Shoals:2 | Reached XP level 17. HP: 112/112 MP: 24/24
 28435 | Shoals:2 | 28435 ||| Stepping ~*~*~tactically~*~*~ (hiding).
 28446 | Shoals:2 | 28446 ||| INVOKING Heroism.
 28454 | Shoals:2 | Reached skill level 15 in Fighting
 28464 | Shoals:2 | 28464 ||| Stepping ~*~*~tactically~*~*~ (hiding).
 28465 | Shoals:2 | 28465 ||| Stepping ~*~*~tactically~*~*~ (hiding).
 28469 | Shoals:2 | 28469 ||| Stepping ~*~*~tactically~*~*~ (hiding).
 28470 | Shoals:2 | 28470 ||| Stepping ~*~*~tactically~*~*~ (hiding).
 28493 | Shoals:2 | 28493 ||| Stepping ~*~*~tactically~*~*~ (hiding).
 28494 | Shoals:2 | 28494 ||| Stepping ~*~*~tactically~*~*~ (hiding).
 28495 | Shoals:2 | 28495 ||| Stepping ~*~*~tactically~*~*~ (hiding).
 28496 | Shoals:2 | 28496 ||| Stepping ~*~*~tactically~*~*~ (hiding).
 28498 | Shoals:2 | 28498 ||| Stepping ~*~*~tactically~*~*~ (hiding).
 28587 | Shoals:2 | 28587 ||| Stepping ~*~*~tactically~*~*~ (hiding).
 28592 | Shoals:2 | 28592 ||| INVOKING Heroism.
 28725 | Shoals:2 | 28725 ||| Stepping ~*~*~tactically~*~*~ (hiding).
 28752 | Shoals:2 | 28752 ||| INVOKING Heroism.
 28835 | Shoals:2 | 28835 ||| Stepping ~*~*~tactically~*~*~ (hiding).
 28836 | Shoals:2 | 28836 ||| Stepping ~*~*~tactically~*~*~ (hiding).
 28865 | Shoals:2 | Found the amulet of Vitality {RegenMP++ Regen++}
 28886 | Shoals:2 | 28886 ||| Stepping ~*~*~tactically~*~*~ (hiding).
 28889 | Shoals:2 | 28889 ||| INVOKING Heroism.
 29147 | Shoals:2 | 29147 ||| INVOKING Heroism.
 29221 | Shoals:2 | 29221 ||| Stepping ~*~*~tactically~*~*~ (stealth).
 29236 | Shoals:2 | 29236 ||| INVOKING Heroism.
 29289 | Shoals:2 | 29289 ||| Stepping ~*~*~tactically~*~*~ (stealth).
 29290 | Shoals:2 | 29290 ||| Stepping ~*~*~tactically~*~*~ (stealth).
 29380 | Shoals:2 | 29380 ||| UPGRADING to amulet of Vitality {RegenMP++
                  | Regen++}.
 29390 | Shoals:2 | 29390 ||| DROPPING amulet of regeneration.
 29407 | Shoals:3 | 29407 ||| INVOKING Heroism.
 29416 | Shoals:3 | Noticed Polyphemus
 29418 | Shoals:3 | Found Buliadgh's Antique Weapon Boutique.
 29440 | Shoals:3 | 29440 ||| INVOKING Heroism.
 29441 | Shoals:3 | Killed Polyphemus
 29501 | Shoals:3 | Identified the +6 spear of Karghoulu {elec, Int+3}
 29506 | Shoals:3 | 29506 ||| Stepping ~*~*~tactically~*~*~ (hiding).
 29507 | Shoals:3 | 29507 ||| Stepping ~*~*~tactically~*~*~ (hiding).
 29522 | Shoals:3 | 29522 ||| INVOKING Heroism.
 29523 | Shoals:3 | 29523 ||| INVOKING Finesse.
 29680 | Shoals:3 | 29680 ||| INVOKING Heroism.
 29722 | Shoals:3 | Noticed Ilsuiw
 29723 | Shoals:3 | 29723 ||| INVOKING Heroism.
 29765 | Shoals:3 | 29765 ||| INVOKING Heroism.
 29775 | Shoals:3 | Reached skill level 9 in Throwing
 29793 | Shoals:3 | Reached skill level 10 in Shields
 29793 | Shoals:3 | 29793 ||| INVOKING Finesse.
 29840 | Shoals:3 | Killed Ilsuiw
 29930 | Shoals:3 | 29930 ||| INVOKING Heroism.
 29931 | Shoals:3 | 29931 ||| INVOKING Finesse.
 30177 | Shoals:3 | 30177 ||| INVOKING Heroism.
 30307 | Shoals:3 | 30307 ||| PLANNING SNAKE:1-3
 30392 | Snake:1  | Entered Level 1 of the Snake Pit
 30410 | Snake:1  | 30410 ||| Stepping ~*~*~tactically~*~*~ (stealth).
 30412 | Snake:1  | 30412 ||| Stepping ~*~*~tactically~*~*~ (hiding).
 30621 | Snake:1  | 30621 ||| INVOKING Heroism.
 30709 | Snake:1  | 30709 ||| INVOKING Heroism.
 30719 | Snake:1  | Received a gift from Okawaru
 30736 | Snake:1  | 30736 ||| INVOKING Heroism.
 30740 | Snake:1  | Reached skill level 15 in Armour
 30982 | Snake:1  | Found a bloodstained altar of Trog.
 31226 | Snake:1  | 31226 ||| DRINKING potion of experience.
 31226 | Snake:1  | Reached XP level 18. HP: 122/122 MP: 25/25
 31227 | Snake:1  | 31227 ||| DROPPING +1 demon whip of venom.
 31228 | Snake:1  | 31228 ||| DROPPING +8 morningstar "Javal" {drain, rElec
                  | rN+}.
 31288 | Snake:1  | 31288 ||| Stepping ~*~*~tactically~*~*~ (hiding).
 31856 | Snake:2  | 31856 ||| INVOKING Heroism.
 31875 | Snake:2  | Reached XP level 19. HP: 108/127 MP: 26/26
 31916 | Snake:2  | 31916 ||| Stepping ~*~*~tactically~*~*~ (hiding).
 31917 | Snake:2  | 31917 ||| Stepping ~*~*~tactically~*~*~ (hiding).
 31920 | Snake:2  | 31920 ||| INVOKING Heroism.
 31923 | Snake:2  | Received a gift from Okawaru
 31972 | Snake:2  | Found Qieneor's Jewellery Shoppe.
 31977 | Snake:2  | Found Gaozxu's Book Shop.
 31978 | Snake:2  | Found Zakohior's Jewellery Shoppe.
 31997 | Snake:2  | 31997 ||| BUYING +4 ring of evasion (684 gold).
 31997 | Snake:2  | Bought a +4 ring of evasion for 684 gold pieces
 31997 | Snake:2  | 31997 ||| SHOPLISTING ring of protection from fire (475
                  | gold, have 211).
 32001 | Snake:2  | 32001 ||| SHOPLISTING ring of Fedhas, Fortifying {Fly rF+
                  | Will+ Str+2} (834 gold, have 211).
 32093 | Snake:2  | Reached skill level 9 in Dodging
 32093 | Snake:2  | Found a runed translucent door.
 32094 | Snake:2  | Noticed qw's ghost (journeyman MiBe)
 32151 | Snake:2  | 32151 ||| Stepping ~*~*~tactically~*~*~ (hiding).
 32220 | Snake:2  | 32220 ||| INVOKING Heroism.
 32674 | Snake:2  | 32674 ||| DROPPING +1 cloak.
 32675 | Snake:2  | 32675 ||| UPGRADING to +0 tower shield of resistance.
 32685 | Snake:2  | 32685 ||| DROPPING +0 buckler.
 32686 | Snake:2  | 32686 ||| UPGRADING to amulet of reflection.
 32696 | Snake:2  | 32696 ||| DROPPING amulet of Vitality {RegenMP++ Regen++}.
 32697 | Snake:2  | 32697 ||| DROPPING +6 ring of strength.
 32698 | Snake:2  | 32698 ||| DROPPING ring of Ecwaloith {rCorr Dex+7}.
 32770 | Snake:3  | 32770 ||| Stepping ~*~*~tactically~*~*~ (hiding).
 32776 | Snake:3  | Received a gift from Okawaru
 32811 | Snake:3  | 32811 ||| INVOKING Heroism.
 32845 | Snake:3  | 32845 ||| INVOKING Heroism.
 32914 | Snake:3  | 32914 ||| INVOKING Heroism.
 32922 | Snake:3  | Reached skill level 11 in Shields
 32965 | Snake:3  | 32965 ||| Stepping ~*~*~tactically~*~*~ (hiding).
 32966 | Snake:3  | 32966 ||| Stepping ~*~*~tactically~*~*~ (hiding).
 32968 | Snake:3  | 32968 ||| Stepping ~*~*~tactically~*~*~ (hiding).
 33039 | Snake:3  | 33039 ||| Stepping ~*~*~tactically~*~*~ (hiding).
 33070 | Snake:3  | Received a gift from Okawaru
 33141 | Snake:3  | 33141 ||| Stepping ~*~*~tactically~*~*~ (hiding).
 33147 | Snake:3  | 33147 ||| INVOKING Heroism.
 33147 | Snake:3  | Noticed Kirke
 33169 | Snake:3  | Killed Kirke
 33394 | Snake:3  | 33394 ||| PLANNING SHOALS:4
 33394 | Snake:3  | 33394 ||| DROPPING ring of wizardry.
 33592 | Shoals:4 | Entered Level 4 of the Shoals
 33592 | Shoals:4 | Found a broken altar of Ashenzari.
 33610 | Shoals:4 | Reached skill level 12 in Shields
 33613 | Shoals:4 | 33613 ||| INVOKING Heroism.
 33648 | Shoals:4 | Received a gift from Okawaru
 33654 | Shoals:4 | 33654 ||| INVOKING Heroism.
 33673 | Shoals:4 | 33673 ||| INVOKING Heroism.
 33677 | Shoals:4 | 33677 ||| INVOKING Finesse.
 33743 | Shoals:4 | Reached skill level 13 in Shields
 33753 | Shoals:4 | 33753 ||| INVOKING Finesse.
 33780 | Shoals:4 | 33780 ||| Stepping ~*~*~tactically~*~*~ (cloud).
 33859 | Shoals:4 | 33859 ||| Stepping ~*~*~tactically~*~*~ (hiding).
 33889 | Shoals:4 | 33889 ||| INVOKING Heroism.
 33957 | Shoals:4 | Got a barnacled rune of Zot
 33977 | Shoals:4 | 33977 ||| Stepping ~*~*~tactically~*~*~ (hiding).
 33980 | Shoals:4 | 33980 ||| INVOKING Heroism.
 33981 | Shoals:4 | 33981 ||| INVOKING Finesse.
 34062 | Shoals:4 | 34062 ||| INVOKING Heroism.
 34064 | Shoals:4 | 34064 ||| Stepping ~*~*~tactically~*~*~ (hiding).
 34065 | Shoals:4 | 34065 ||| INVOKING Finesse.
 34103 | Shoals:4 | Reached skill level 14 in Shields
 34107 | Shoals:4 | 34107 ||| Stepping ~*~*~tactically~*~*~ (hiding).
 34175 | Shoals:4 | 34175 ||| INVOKING Heroism.
 34189 | Shoals:4 | 34189 ||| Stepping ~*~*~tactically~*~*~ (hiding).
 34190 | Shoals:4 | 34190 ||| Stepping ~*~*~tactically~*~*~ (hiding).
 34191 | Shoals:4 | 34191 ||| Stepping ~*~*~tactically~*~*~ (hiding).
 34192 | Shoals:4 | 34192 ||| Stepping ~*~*~tactically~*~*~ (hiding).
 34193 | Shoals:4 | 34193 ||| Stepping ~*~*~tactically~*~*~ (hiding).
 34194 | Shoals:4 | 34194 ||| Stepping ~*~*~tactically~*~*~ (hiding).
 34195 | Shoals:4 | 34195 ||| Stepping ~*~*~tactically~*~*~ (hiding).
 34200 | Shoals:4 | 34200 ||| INVOKING Finesse.
 34236 | Shoals:4 | Received a gift from Okawaru
 34291 | Shoals:4 | 34291 ||| INVOKING Heroism.
 34388 | Shoals:4 | 34388 ||| INVOKING Heroism.
 34441 | Shoals:4 | 34441 ||| INVOKING Heroism.
 34541 | Shoals:4 | 34541 ||| INVOKING Heroism.
 34633 | Shoals:4 | 34633 ||| Stepping ~*~*~tactically~*~*~ (hiding).
 34636 | Shoals:4 | 34636 ||| INVOKING Heroism.
 34666 | Shoals:4 | Identified the +2 leather armour "Paozist" {rN+ Regen+}
 34749 | Shoals:4 | Reached skill level 15 in Shields
 34905 | Shoals:4 | 34905 ||| PLANNING VAULTS:1-4
 35092 | D:11     | 35092 ||| Stepping ~*~*~tactically~*~*~ (stealth).
 35169 | Vaults:1 | Entered Level 1 of the Vaults
 35169 | Vaults:1 | Noticed Asterion
 35170 | Vaults:1 | 35170 ||| INVOKING Heroism.
 35171 | Vaults:1 | 35171 ||| INVOKING Finesse.
 35202 | Vaults:1 | Killed Asterion
 35379 | Vaults:1 | 35379 ||| INVOKING Heroism.
 35406 | Vaults:1 | Received a gift from Okawaru
 35528 | Vaults:1 | 35528 ||| Stepping ~*~*~tactically~*~*~ (hiding).
 35577 | Vaults:1 | 35577 ||| READING scroll of acquirement.
 35577 | Vaults:1 | 35577 ||| ACQUIRING 598 gold pieces
 35577 | Vaults:1 | Acquired 598 gold pieces
 35588 | Vaults:1 | 35588 ||| INVOKING Heroism.
 35624 | Vaults:1 | Reached XP level 20. HP: 133/134 MP: 27/27
 35657 | Vaults:1 | 35657 ||| Stepping ~*~*~tactically~*~*~ (stealth).
 35659 | Vaults:1 | 35659 ||| Stepping ~*~*~tactically~*~*~ (stealth).
 35660 | Vaults:1 | 35660 ||| INVOKING Heroism.
 35699 | Vaults:1 | 35699 ||| INVOKING Heroism.
 35705 | Vaults:1 | Noticed a golden dragon
 35709 | Vaults:1 | Identified the +6 dagger "Gogiu" {vorpal, rPois rC- rCorr
                  | Str+4 Dex+4}
 35729 | Vaults:1 | Reached skill level 16 in Shields
 35738 | Vaults:1 | 35738 ||| INVOKING Heroism.
 35749 | Vaults:1 | Received a gift from Okawaru
 35780 | Vaults:1 | HP: 26/134 [dire elephant (23)]
 35781 | Vaults:1 | 35781 ||| READING 7 scrolls of teleportation.
 35781 | Vaults:1 | HP: 9/134 [ironbound frostheart/creeping frost[a boggart]
                  | (17)]
 35782 | Vaults:1 | HP: 3/134 [yaktaur captain/the +6 dagger "Gogiu" {vorpal,
                  | rPois rC- rCorr Str+4 Dex+4} (2)]
 35895 | Vaults:1 | 35895 ||| Stepping ~*~*~tactically~*~*~ (stealth).
 35915 | Vaults:1 | 35915 ||| INVOKING Heroism.
 36054 | Vaults:1 | 36054 ||| Stepping ~*~*~tactically~*~*~ (stealth).
 36055 | Vaults:1 | 36055 ||| Stepping ~*~*~tactically~*~*~ (stealth).
 36056 | Vaults:1 | 36056 ||| Stepping ~*~*~tactically~*~*~ (stealth).
 36057 | Vaults:1 | 36057 ||| INVOKING Heroism.
 36062 | Vaults:1 | 36062 ||| Stepping ~*~*~tactically~*~*~ (hiding).
 36063 | Vaults:1 | 36063 ||| Stepping ~*~*~tactically~*~*~ (hiding).
 36064 | Vaults:1 | 36064 ||| Stepping ~*~*~tactically~*~*~ (hiding).
 36069 | Vaults:1 | 36069 ||| Stepping ~*~*~tactically~*~*~ (stealth).
 36071 | Vaults:1 | 36071 ||| Stepping ~*~*~tactically~*~*~ (hiding).
 36073 | Vaults:1 | 36073 ||| Stepping ~*~*~tactically~*~*~ (hiding).
 36083 | Vaults:1 | 36083 ||| Stepping ~*~*~tactically~*~*~ (hiding).
 36084 | Vaults:1 | 36084 ||| Stepping ~*~*~tactically~*~*~ (hiding).
 36085 | Vaults:1 | 36085 ||| Stepping ~*~*~tactically~*~*~ (hiding).
 36086 | Vaults:1 | 36086 ||| Stepping ~*~*~tactically~*~*~ (hiding).
 36087 | Vaults:1 | 36087 ||| Stepping ~*~*~tactically~*~*~ (hiding).
 36111 | Vaults:1 | 36111 ||| INVOKING Heroism.
 36138 | Vaults:1 | 36138 ||| INVOKING Heroism.
 36181 | Vaults:1 | 36181 ||| INVOKING Heroism.
 36463 | Vaults:1 | Found Zaomanid's Antique Weapon Shop.
 36466 | Vaults:1 | 36466 ||| Stepping ~*~*~tactically~*~*~ (stealth).
 36467 | Vaults:1 | 36467 ||| Stepping ~*~*~tactically~*~*~ (stealth).
 36473 | Vaults:1 | Received a gift from Okawaru
 36575 | Vaults:1 | Reached skill level 17 in Shields
 36620 | Vaults:1 | 36620 ||| INVOKING Heroism.
 36974 | Vaults:2 | 36974 ||| STAIRDANCE
 36995 | Vaults:2 | 36995 ||| Stepping ~*~*~tactically~*~*~ (stealth).
 37038 | Vaults:2 | Identified the +1 kite shield of Complete Protection {rPois
                  | rN+ Str+5 Int-5}
 37038 | Vaults:2 | Noticed Donald
 37039 | Vaults:2 | 37039 ||| Stepping ~*~*~tactically~*~*~ (stealth).
 37041 | Vaults:2 | 37041 ||| INVOKING Heroism.
 37054 | Vaults:2 | Received a gift from Okawaru
 37063 | Vaults:2 | 37063 ||| Stepping ~*~*~tactically~*~*~ (stealth).
 37073 | Vaults:2 | Killed Donald
 37074 | Vaults:2 | 37074 ||| Stepping ~*~*~tactically~*~*~ (hiding).
 37222 | Vaults:2 | 37222 ||| FLEEEEING.
 37223 | Vaults:2 | 37223 ||| FLEEEEING.
 37224 | Vaults:2 | 37224 ||| FLEEEEING.
 37232 | Vaults:2 | 37232 ||| INVOKING Heroism.
 37234 | Vaults:2 | 37234 ||| Stepping ~*~*~tactically~*~*~ (hiding).
 37307 | Vaults:2 | Noticed Margery
 37308 | Vaults:2 | 37308 ||| DRINKING 2 potions of resistance.
 37309 | Vaults:2 | 37309 ||| INVOKING Heroism.
 37337 | Vaults:2 | Killed Margery
 37337 | Vaults:2 | Received a gift from Okawaru
 37338 | Vaults:2 | Reached skill level 18 in Shields
 37538 | Vaults:2 | 37538 ||| Stepping ~*~*~tactically~*~*~ (hiding).
 37550 | Vaults:2 | 37550 ||| Stepping ~*~*~tactically~*~*~ (hiding).
 37558 | Vaults:2 | Received a gift from Okawaru
 37669 | Vaults:2 | 37669 ||| Stepping ~*~*~tactically~*~*~ (hiding).
 37671 | Vaults:2 | 37671 ||| INVOKING Heroism.
 37677 | Vaults:2 | 37677 ||| Stepping ~*~*~tactically~*~*~ (hiding).
 37829 | Vaults:2 | Identified the +1 leather armour "Dahemofau" {rPois Int+6
                  | SInv Stlth-}
 37962 | Vaults:2 | 37962 ||| INVOKING Heroism.
 38101 | Vaults:2 | 38101 ||| INVOKING Heroism.
 38230 | Vaults:2 | 38230 ||| INVOKING Heroism.
 38247 | Vaults:2 | Reached skill level 19 in Shields
 38282 | Vaults:2 | Found a runed translucent gate.
 38282 | Vaults:2 | Found a runed translucent gate.
 38282 | Vaults:2 | Found an opulent altar of Gozag.
 38283 | Vaults:2 | Found a runed translucent gate.
 38283 | Vaults:2 | Found Ijaacw's Assorted Antiques.
 38284 | Vaults:2 | Noticed Forgeling's ghost (adept FeEn)
 38325 | Vaults:2 | 38325 ||| INVOKING Heroism.
 38348 | Vaults:2 | Received a gift from Okawaru
 38398 | Vaults:2 | Noticed Mara
 38399 | Vaults:2 | 38399 ||| INVOKING Heroism.
 38407 | Vaults:2 | Noticed qw's illusion
 38464 | Vaults:2 | HP: 21/134 [qw's illusion (illusionary)[Mara] (17)]
 38465 | Vaults:2 | 38465 ||| READING 6 scrolls of teleportation.
 38466 | Vaults:2 | 38466 ||| DRINKING potion of heal wounds.
 38469 | Vaults:2 | 38469 ||| INVOKING Heroism.
 38867 | Vaults:2 | You are sucked into a shaft and drop 1 floor!
 38877 | Vaults:3 | 38877 ||| INVOKING Heroism.
 38880 | Vaults:3 | 38880 ||| Stepping ~*~*~tactically~*~*~ (hiding).
 38885 | Vaults:3 | 38885 ||| Stepping ~*~*~tactically~*~*~ (hiding).
 38889 | Vaults:3 | 38889 ||| Stepping ~*~*~tactically~*~*~ (hiding).
 38924 | Vaults:3 | 38924 ||| INVOKING Heroism.
 39034 | Vaults:3 | 39034 ||| Stepping ~*~*~tactically~*~*~ (stealth).
 39099 | Vaults:3 | 39099 ||| Stepping ~*~*~tactically~*~*~ (hiding).
 39100 | Vaults:3 | 39100 ||| Stepping ~*~*~tactically~*~*~ (hiding).
 39105 | Vaults:3 | 39105 ||| INVOKING Heroism.
 39126 | Vaults:3 | Received a gift from Okawaru
 39153 | Vaults:3 | 39153 ||| Stepping ~*~*~tactically~*~*~ (hiding).
 39207 | Vaults:3 | 39207 ||| INVOKING Heroism.
 39409 | Vaults:3 | 39409 ||| Stepping ~*~*~tactically~*~*~ (stealth).
 39411 | Vaults:3 | 39411 ||| Stepping ~*~*~tactically~*~*~ (hiding).
 39432 | Vaults:3 | 39432 ||| Stepping ~*~*~tactically~*~*~ (hiding).
 39434 | Vaults:3 | 39434 ||| Stepping ~*~*~tactically~*~*~ (hiding).
 39501 | Vaults:3 | Reached XP level 21. HP: 139/139 MP: 28/28
 39510 | Vaults:3 | 39510 ||| READING 8 scrolls of teleportation.
 39723 | Vaults:2 | 39723 ||| INVOKING Heroism.
 39912 | Vaults:2 | 39912 ||| Stepping ~*~*~tactically~*~*~ (stealth).
 39914 | Vaults:2 | 39914 ||| Stepping ~*~*~tactically~*~*~ (hiding).
 39916 | Vaults:2 | 39916 ||| Stepping ~*~*~tactically~*~*~ (hiding).
 39919 | Vaults:2 | 39919 ||| INVOKING Heroism.
 39920 | Vaults:2 | 39920 ||| INVOKING Finesse.
 39922 | Vaults:2 | 39922 ||| Stepping ~*~*~tactically~*~*~ (hiding).
 39937 | Vaults:2 | Noticed qw's illusion
 40002 | Vaults:2 | 40002 ||| INVOKING Finesse.
 40024 | Vaults:2 | Noticed qw's illusion
 40050 | Vaults:2 | HP: 23/139 [Mara (illusionary)/bolt of fire (15)]
 40051 | Vaults:2 | 40051 ||| READING 8 scrolls of teleportation.
 40488 | Vaults:2 | 40488 ||| Stepping ~*~*~tactically~*~*~ (stealth).
 40491 | Vaults:2 | 40491 ||| Stepping ~*~*~tactically~*~*~ (hiding).
 40493 | Vaults:2 | 40493 ||| Stepping ~*~*~tactically~*~*~ (hiding).
 40496 | Vaults:2 | 40496 ||| INVOKING Heroism.
 40505 | Vaults:2 | Noticed qw's illusion
 40537 | Vaults:2 | Noticed qw's illusion
 40548 | Vaults:2 | Killed Mara
 40548 | Vaults:2 | Received a gift from Okawaru
 40725 | Vaults:3 | 40725 ||| Stepping ~*~*~tactically~*~*~ (hiding).
 40727 | Vaults:3 | 40727 ||| Stepping ~*~*~tactically~*~*~ (hiding).
 40740 | Vaults:3 | 40740 ||| Stepping ~*~*~tactically~*~*~ (hiding).
 40898 | Vaults:3 | 40898 ||| Stepping ~*~*~tactically~*~*~ (hiding).
 40930 | Vaults:3 | 40930 ||| INVOKING Heroism.
 41005 | Vaults:3 | Received a gift from Okawaru
 41014 | Vaults:3 | 41014 ||| INVOKING Heroism.
 41035 | Vaults:3 | 41035 ||| INVOKING Finesse.
 41052 | Vaults:3 | 41052 ||| INVOKING Heroism.
 41126 | Vaults:3 | 41126 ||| INVOKING Heroism.
 41127 | Vaults:3 | Received a gift from Okawaru
 41147 | Vaults:3 | Found a staircase to the Crypt.
 41286 | Vaults:3 | Reached skill level 18 in Fighting
 41733 | Vaults:4 | 41733 ||| FLEEEEING.
 41822 | Vaults:4 | 41822 ||| FLEEEEING.
 41823 | Vaults:4 | 41823 ||| FLEEEEING.
 41824 | Vaults:4 | 41824 ||| FLEEEEING.
 41825 | Vaults:4 | 41825 ||| FLEEEEING.
 41830 | Vaults:4 | 41830 ||| FLEEEEING.
 41831 | Vaults:4 | 41831 ||| FLEEEEING.
 41833 | Vaults:4 | 41833 ||| FLEEEEING.
 41834 | Vaults:4 | 41834 ||| FLEEEEING.
 41835 | Vaults:4 | 41835 ||| FLEEEEING.
 41836 | Vaults:4 | 41836 ||| FLEEEEING.
 41837 | Vaults:4 | 41837 ||| FLEEEEING.
 41838 | Vaults:4 | 41838 ||| FLEEEEING.
 41839 | Vaults:4 | 41839 ||| FLEEEEING.
 41840 | Vaults:4 | 41840 ||| FLEEEEING.
 41841 | Vaults:4 | 41841 ||| FLEEEEING.
 41842 | Vaults:4 | 41842 ||| FLEEEEING.
 41843 | Vaults:4 | 41843 ||| FLEEEEING.
 41844 | Vaults:4 | 41844 ||| FLEEEEING.
 41845 | Vaults:4 | 41845 ||| FLEEEEING.
 41849 | Vaults:4 | 41849 ||| FLEEEEING.
 41850 | Vaults:4 | 41850 ||| FLEEEEING.
 41851 | Vaults:4 | 41851 ||| FLEEEEING.
 41852 | Vaults:4 | 41852 ||| FLEEEEING.
 41853 | Vaults:4 | 41853 ||| FLEEEEING.
 41854 | Vaults:4 | 41854 ||| FLEEEEING.
 41855 | Vaults:4 | 41855 ||| FLEEEEING.
 41856 | Vaults:4 | 41856 ||| FLEEEEING.
 41857 | Vaults:4 | 41857 ||| FLEEEEING.
 41858 | Vaults:4 | 41858 ||| FLEEEEING.
 41859 | Vaults:4 | 41859 ||| FLEEEEING.
 41860 | Vaults:4 | 41860 ||| FLEEEEING.
 41861 | Vaults:4 | 41861 ||| FLEEEEING.
 41865 | Vaults:4 | 41865 ||| Stepping ~*~*~tactically~*~*~ (hiding).
 41877 | Vaults:4 | 41877 ||| INVOKING Heroism.
 42080 | Vaults:4 | 42080 ||| Stepping ~*~*~tactically~*~*~ (stealth).
 42308 | Vaults:4 | Noticed Boris
 42309 | Vaults:4 | 42309 ||| INVOKING Heroism.
 42310 | Vaults:4 | 42310 ||| INVOKING Finesse.
 42339 | Vaults:4 | Killed Boris
 42387 | Vaults:4 | Noticed Bai Suzhen
 42397 | Vaults:4 | 42397 ||| INVOKING Heroism.
 42425 | Vaults:4 | Killed Bai Suzhen
 42426 | Vaults:4 | 42426 ||| Stepping ~*~*~tactically~*~*~ (cloud).
 42468 | Vaults:4 | 42468 ||| INVOKING Heroism.
 42481 | Vaults:4 | Received a gift from Okawaru
 42518 | Vaults:4 | 42518 ||| Stepping ~*~*~tactically~*~*~ (stealth).
 42520 | Vaults:4 | 42520 ||| Stepping ~*~*~tactically~*~*~ (stealth).
 42522 | Vaults:4 | 42522 ||| Stepping ~*~*~tactically~*~*~ (stealth).
 42523 | Vaults:4 | 42523 ||| Stepping ~*~*~tactically~*~*~ (stealth).
 42524 | Vaults:4 | 42524 ||| Stepping ~*~*~tactically~*~*~ (stealth).
 42656 | Vaults:4 | 42656 ||| Stepping ~*~*~tactically~*~*~ (hiding).
 42660 | Vaults:4 | Found Ennes's Armour Shop.
 42962 | Vaults:4 | 42962 ||| INVOKING Heroism.
 43168 | Vaults:4 | 43168 ||| Stepping ~*~*~tactically~*~*~ (stealth).
 43199 | Vaults:4 | Received a gift from Okawaru
 43229 | Vaults:4 | 43229 ||| Stepping ~*~*~tactically~*~*~ (hiding).
 43232 | Vaults:4 | 43232 ||| Stepping ~*~*~tactically~*~*~ (hiding).
 43262 | Vaults:4 | 43262 ||| Stepping ~*~*~tactically~*~*~ (stealth).
 43265 | Vaults:4 | 43265 ||| Stepping ~*~*~tactically~*~*~ (stealth).
 43376 | Vaults:4 | 43376 ||| INVOKING Heroism.
 43614 | Vaults:4 | 43614 ||| Stepping ~*~*~tactically~*~*~ (stealth).
 43616 | Vaults:4 | 43616 ||| INVOKING Heroism.
 43654 | Vaults:4 | Reached skill level 20 in Shields
 43756 | Vaults:4 | 43756 ||| PLANNING SNAKE:4
 44150 | Snake:4  | Entered Level 4 of the Snake Pit
 44177 | Snake:4  | Identified the +6 trident "Jioppeff" {speed, Int+3}
 44185 | Snake:4  | 44185 ||| Stepping ~*~*~tactically~*~*~ (hiding).
 44186 | Snake:4  | 44186 ||| Stepping ~*~*~tactically~*~*~ (hiding).
 44226 | Snake:4  | 44226 ||| Stepping ~*~*~tactically~*~*~ (hiding).
 44385 | Snake:4  | Found Awkepl Wuixe's Overcharged Wands.
 44413 | Snake:4  | 44413 ||| Stepping ~*~*~tactically~*~*~ (hiding).
 44423 | Snake:4  | 44423 ||| INVOKING Heroism.
 44544 | Snake:4  | 44544 ||| INVOKING Heroism.
 44578 | Snake:4  | 44578 ||| INVOKING Heroism.
 44639 | Snake:4  | 44639 ||| INVOKING Heroism.
 44662 | Snake:4  | 44662 ||| Stepping ~*~*~tactically~*~*~ (stealth).
 44664 | Snake:4  | 44664 ||| Stepping ~*~*~tactically~*~*~ (hiding).
 44676 | Snake:4  | 44676 ||| Stepping ~*~*~tactically~*~*~ (hiding).
 44720 | Snake:4  | 44720 ||| INVOKING Heroism.
 44746 | Snake:4  | Received a gift from Okawaru
 44747 | Snake:4  | Reached XP level 22. HP: 148/148 MP: 29/29
 44824 | Snake:4  | 44824 ||| Stepping ~*~*~tactically~*~*~ (stealth).
 44827 | Snake:4  | 44827 ||| Stepping ~*~*~tactically~*~*~ (hiding).
 44860 | Snake:4  | 44860 ||| Stepping ~*~*~tactically~*~*~ (stealth).
 44873 | Snake:4  | 44873 ||| Stepping ~*~*~tactically~*~*~ (stealth).
 44880 | Snake:4  | 44880 ||| Stepping ~*~*~tactically~*~*~ (stealth).
 44899 | Snake:4  | 44899 ||| Stepping ~*~*~tactically~*~*~ (hiding).
 44910 | Snake:4  | 44910 ||| Stepping ~*~*~tactically~*~*~ (stealth).
 44914 | Snake:4  | 44914 ||| Stepping ~*~*~tactically~*~*~ (hiding).
 44926 | Snake:4  | 44926 ||| INVOKING Heroism.
 44959 | Snake:4  | Noticed Vashnia
 44992 | Snake:4  | 44992 ||| INVOKING Heroism.
 44999 | Snake:4  | Killed Vashnia
 45001 | Snake:4  | Reached skill level 18 in Armour
 45168 | Snake:4  | Got a serpentine rune of Zot
 45289 | Snake:4  | Identified the +0 helmet of qw's Defiance {rPois rCorr}
                  | (Okawaru gifted it to you on level 4 of the Snake Pit)
 45289 | Snake:4  | Received a gift from Okawaru
 45575 | Snake:4  | 45575 ||| PLANNING DEPTHS
 45575 | Snake:4  | 45575 ||| DROPPING +0 helmet of qw's Defiance {rPois
                  | rCorr}.
 45905 | Depths:1 | Entered Level 1 of the Depths
 45981 | Depths:1 | 45981 ||| Stepping ~*~*~tactically~*~*~ (stealth).
 45983 | Depths:1 | 45983 ||| Stepping ~*~*~tactically~*~*~ (stealth).
 45986 | Depths:1 | 45986 ||| INVOKING Finesse.
 46042 | Depths:1 | 46042 ||| INVOKING Heroism.
 46043 | Depths:1 | 46043 ||| INVOKING Finesse.
 46044 | Depths:1 | 46044 ||| INVOKING Finesse.
 46120 | Depths:1 | 46120 ||| Stepping ~*~*~tactically~*~*~ (hiding).
 46122 | Depths:1 | 46122 ||| Stepping ~*~*~tactically~*~*~ (hiding).
 46129 | Depths:1 | 46129 ||| INVOKING Heroism.
 46283 | Depths:1 | Found a one-way gate to the infinite horrors of the Abyss.
 46296 | Depths:1 | 46296 ||| Stepping ~*~*~tactically~*~*~ (stealth).
 46298 | Depths:1 | 46298 ||| INVOKING Heroism.
 46299 | Depths:1 | 46299 ||| INVOKING Finesse.
 46311 | Depths:1 | 46311 ||| Stepping ~*~*~tactically~*~*~ (hiding).
 46332 | Depths:1 | Identified the ring of Jonk {Dex+6 SInv Stlth+}
 46360 | Depths:1 | 46360 ||| Stepping ~*~*~tactically~*~*~ (hiding).
 46369 | Depths:1 | 46369 ||| INVOKING Heroism.
 46370 | Depths:1 | 46370 ||| Stepping ~*~*~tactically~*~*~ (hiding).
 46388 | Depths:1 | 46388 ||| INVOKING Finesse.
 46425 | Depths:1 | 46425 ||| Stepping ~*~*~tactically~*~*~ (hiding).
 46459 | Depths:1 | 46459 ||| Stepping ~*~*~tactically~*~*~ (stealth).
 46462 | Depths:1 | 46462 ||| Stepping ~*~*~tactically~*~*~ (stealth).
 46464 | Depths:1 | 46464 ||| Stepping ~*~*~tactically~*~*~ (hiding).
 46469 | Depths:1 | 46469 ||| INVOKING Heroism.
 46485 | Depths:1 | 46485 ||| READING scroll of enchant armour.
 46485 | Depths:1 | 46485 ||| ENCHANTING +1 pair of boots.
 46569 | Depths:1 | 46569 ||| Stepping ~*~*~tactically~*~*~ (stealth).
 46571 | Depths:1 | 46571 ||| Stepping ~*~*~tactically~*~*~ (stealth).
 46574 | Depths:1 | 46574 ||| Stepping ~*~*~tactically~*~*~ (stealth).
 46708 | Depths:1 | 46708 ||| Stepping ~*~*~tactically~*~*~ (hiding).
 46774 | Depths:1 | 46774 ||| INVOKING Finesse.
 46790 | Depths:1 | 46790 ||| INVOKING Heroism.
 46863 | Depths:1 | Found a gateway to Hell.
 46951 | Depths:1 | Found a white marble altar of Elyvilon.
 47124 | Depths:1 | 47124 ||| INVOKING Heroism.
 47207 | Depths:1 | 47207 ||| INVOKING Heroism.
 47480 | Depths:2 | 47480 ||| INVOKING Heroism.
 47500 | Depths:2 | Received a gift from Okawaru
 47533 | Depths:2 | Found a runed translucent door.
 47559 | Depths:2 | 47559 ||| INVOKING Heroism.
 47640 | Depths:2 | 47640 ||| Stepping ~*~*~tactically~*~*~ (hiding).
 47681 | Depths:2 | Noticed qw's ghost (adept MiBe)
 47682 | Depths:2 | 47682 ||| Stepping ~*~*~tactically~*~*~ (stealth).
 47683 | Depths:2 | 47683 ||| Stepping ~*~*~tactically~*~*~ (stealth).
 47684 | Depths:2 | 47684 ||| Stepping ~*~*~tactically~*~*~ (stealth).
 47687 | Depths:2 | 47687 ||| Stepping ~*~*~tactically~*~*~ (hiding).
 47703 | Depths:2 | 47703 ||| INVOKING Heroism.
 47746 | Depths:2 | Received a gift from Okawaru
 47752 | Depths:2 | 47752 ||| INVOKING Heroism.
 47785 | Depths:2 | 47785 ||| Stepping ~*~*~tactically~*~*~ (hiding).
 47823 | Depths:2 | 47823 ||| Stepping ~*~*~tactically~*~*~ (stealth).
 47824 | Depths:2 | 47824 ||| Stepping ~*~*~tactically~*~*~ (hiding).
 47827 | Depths:2 | 47827 ||| INVOKING Heroism.
 47892 | Depths:2 | 47892 ||| Stepping ~*~*~tactically~*~*~ (hiding).
 47896 | Depths:2 | 47896 ||| INVOKING Heroism.
 47969 | Depths:2 | 47969 ||| INVOKING Heroism.
 48119 | Depths:2 | 48119 ||| INVOKING Finesse.
 48131 | Depths:2 | 48131 ||| INVOKING Heroism.
 48167 | Depths:2 | Reached XP level 23. HP: 156/156 MP: 26/30
 48176 | Depths:2 | 48176 ||| Stepping ~*~*~tactically~*~*~ (stealth).
 48178 | Depths:2 | 48178 ||| Stepping ~*~*~tactically~*~*~ (stealth).
 48179 | Depths:2 | 48179 ||| Stepping ~*~*~tactically~*~*~ (stealth).
 48470 | Depths:2 | Received a gift from Okawaru
 48495 | Depths:2 | 48495 ||| Stepping ~*~*~tactically~*~*~ (hiding).
 48655 | Depths:2 | 48655 ||| Stepping ~*~*~tactically~*~*~ (stealth).
 48702 | Depths:2 | 48702 ||| Stepping ~*~*~tactically~*~*~ (hiding).
 48707 | Depths:2 | 48707 ||| INVOKING Heroism.
 48734 | Depths:2 | 48734 ||| INVOKING Heroism.
 48818 | Depths:2 | 48818 ||| INVOKING Heroism.
 48823 | Depths:2 | Identified the +10 trident "Pyteagry" {vamp, rN+}
 48826 | Depths:2 | Received a gift from Okawaru
 48845 | Depths:2 | 48845 ||| INVOKING Heroism.
 48910 | Depths:2 | Received a gift from Okawaru
 48983 | Depths:2 | 48983 ||| INVOKING Heroism.
 48990 | Depths:2 | Reached skill level 21 in Shields
 49283 | Depths:2 | 49283 ||| INVOKING Heroism.
 49521 | Depths:2 | 49521 ||| Stepping ~*~*~tactically~*~*~ (stealth).
 49546 | Depths:2 | 49546 ||| Stepping ~*~*~tactically~*~*~ (stealth).
 49548 | Depths:2 | 49548 ||| Stepping ~*~*~tactically~*~*~ (hiding).
 49571 | Depths:2 | 49571 ||| Stepping ~*~*~tactically~*~*~ (hiding).
 49600 | Depths:2 | 49600 ||| Stepping ~*~*~tactically~*~*~ (stealth).
 49603 | Depths:2 | 49603 ||| INVOKING Heroism.
 49612 | Depths:2 | Found a one-way gate leading to the halls of Pandemonium.
 49961 | Depths:3 | 49961 ||| Stepping ~*~*~tactically~*~*~ (hiding).
 49989 | Depths:3 | Found a one-way gateway to a ziggurat.
 50012 | Depths:3 | 50012 ||| INVOKING Heroism.
 50042 | Depths:3 | 50042 ||| Stepping ~*~*~tactically~*~*~ (hiding).
 50068 | Depths:3 | Identified the +5 halberd of Vaaloi {vamp, rElec rPois}
 50072 | Depths:3 | 50072 ||| INVOKING Heroism.
 50090 | Depths:3 | Paralysed by a floating eye for 3 turns
 50092 | Depths:3 | HP: 25/158 [stone giant (24)]
 50093 | Depths:3 | HP: 7/158 [iron dragon (14)]
 50093 | Depths:3 | Constricted to death by a tentacled monstrosity

Levels and vault maps discovered:
D:1:      mainiacjoe_arrival_reflecting_pool, layout_basic
D:2:      layout_basic, chequers_ecumenical_altar_simple_redux,
          chequers_serial_rivers_room_a
D:3:      layout_loops_ring, minitemple
D:4:      layout_cave_pools, minmay_temple_entry_junction_2, serial_bayou,
          serial_bayou_ford_a, serial_bayou_lake_a, serial_bayou_pond_b,
          serial_bayou_pond_e
D:5:      layout_cave_pods, dk_noncrumbling_4, uniq_duvessa
D:6:      lemuel_ratsnest, layout_gridville, serial_shops,
          nicolae_shop_window_shopping, kennysheep_mini, nicolae_shop_trees,
          nicolae_shop_statue_plus, kennysheep_boxes
D:7:      minmay_angry_zag, layout_basic, enter_ossuary_3, corexii_corridor_pit,
          uniq_prince_ribbit1
D:8:      layout_loops_corners, grunt_lair_entry_orc_guard_hut
D:9:      layout_basic
D:10:     layout_roguey, mainiacjoe_overflow_alcove_2, david_orc_5,
          uniq_josephine, uniq_nergalle, uniq_maurice, uniq_urug
D:11:     minmay_polygon_palace, layout_stronghold, minmay_crystal_water,
          uniq_gastronok, uniq_amaemon
D:12:     layout_long_grid
D:13:     layout_loops_ring, erik_vaults_1, kennysheep_generic_room_5
D:14:     layout_cave_pools, hellmonk_bongcloud_opening, uniq_jorgrun,
          uniq_rupert, uniq_roxanne
D:15:     grunt_enter_depths_snipers, layout_small_grid, grunt_ministairs_2
Temple:   nicolae_temple_ecumenical_triangle
Lair:1:   layout_concentric_octagons, gauntlet_entry_generic
Lair:2:   cheibrodos_lair_overgrown_chateau, layout_layer_cave,
          minmay_shoals_entry_hut, infiniplex_staircase_pool_2
Lair:3:   dreamdust_cave_troll, layout_loops_ring, guppyfry_snake_entry_garden
Lair:4:   layout_layer_cave, dreamdust_gnoll_shepherd, serial_bayou_shore_a
Lair:5:   evilmike_catoblepas_cave, layout_cellular_growth, slime_entry_1,
          grunt_forest_small_clearing_treed, infiniplex_staircase_pool,
          grunt_megastairs_5
Shoals:1: layout_shoals, uniq_mlioglotl
Shoals:2: layout_shoals, st_sunken_temple
Shoals:3: layout_shoals, serial_shops, nicolae_shop_statue_plus, uniq_ilsuiw,
          uniq_polyphemus
Shoals:4: shoals_end_grunt_ice, layout_shoals, hangedman_feature_mirror
Snake:1:  layout_chambers, basic_altar, grunt_megastairs_4
Snake:2:  layout_grid_shapes, ebering_ghost_reflecting_pool,
          nicolae_snake_yet_another_twisty_hallway, minmay_shop_grove
Snake:3:  layout_misc_corridors, uniq_kirke
Snake:4:  grunt_snake_rune_serpentine_throne, layout_cave_town,
          nicolae_shop_overcharged_wands, lemuel_fruit_tree, uniq_vashnia
Orc:1:    layout_diamond_mine, uniq_erica
Orc:2:    grunt_orc_community_town_hall, layout_diamond_mine,
          grunt_orc_community_big_house_1, grunt_orc_community_big_house_1,
          grunt_orc_community_house_1, grunt_orc_community_house_1,
          grunt_orc_community_house_3, grunt_orc_community_house_2,
          grunt_orc_community_house_2, grunt_orc_community_house_3
Vaults:1: vaults_dpeg_encased_lava, v_alt_pattern_2, vaults_room_stairs_pillars,
          vaults_standard_mumra_lines, vaults_dpeg_spiral, v_misc_27,
          ontoclasm_vaults_shuriken, ontoclasm_vaults_chip,
          ontoclasm_vaults_decontamination, ontoclasm_vaults_ring_square,
          nicolae_vaults_gold_heap, layout_vaults_big_room, serial_shops,
          nicolae_shop_waterfront, uniq_asterion
Vaults:2: ebering_ghost_gozag, hangedman_vaults_stretched_pinwheel,
          hangedman_vaults_corner, v_misc_9,
          vaults_standard_mumra_enter_the_diamond, vaults_dpeg_emergency_exit,
          grunt_vaults_focal, dpeg_vaults_waves, vaults_room_corners,
          vaults_room_semicircle, nicolae_vaults_specimen_jars,
          vaults_dpeg_hooks, layout_vaults_omnicross, uniq_mara, uniq_margery,
          uniq_donald
Vaults:3: v_misc_27, minmay_crypt_entry_simple_box, v_misc_17,
          ontoclasm_vaults_gallery, ontoclasm_vaults_ring_square,
          hangedman_vaults_river_flow, nicolae_vaults_twisting_passages,
          v_misc_18, vaults_room_grid, v_misc_3, vaults_dpeg_ring,
          vaults_room_large_hall, nicolae_vaults_ninety_degrees,
          layout_vaults_omnibox
Vaults:4: nicolae_vaults_network_square, dpeg_vaults_monster_box,
          vaults_room_pool, vaults_room_stairs_pillars, v_misc_27,
          nicolae_vaults_little_squares_6, ontoclasm_vaults_chip,
          grunt_vaults_twisty, layout_vaults_quadrants, uniq_bai_suzhen,
          uniq_boris
Depths:1: layout_gridlike, abyss_entry, pf_coc_iceberg, elyvilon_altar_4,
          kennysheep_pointless_box, grunt_potential, grunt_megastairs_1
Depths:2: cheibrodos_salmonella, layout_cave_shapes, grunt_pan_entry_in_and_out,
          hellmonk_ghost_happy_afterlife, hangedman_geh_valley,
          hangedman_stitches_earthworm, serial_bayou_shore_b
Depths:3: minmay_the_grid_square_5x5_5x5_mashed
          [minmay_the_grid_square_5x5_inner_i,
          minmay_the_grid_square_5x5_broken_cross,
          minmay_the_grid_square_5x5_inset, minmay_the_grid_square_5x5_moneybag,
          minmay_the_grid_square_5x5_half_checkered,
          minmay_the_grid_square_5x5_trominoes,
          minmay_the_grid_square_5x5_prize_deathbox,
          minmay_the_grid_square_5x5_minibox,
          minmay_the_grid_square_5x5_prize_rear_guard,
          minmay_the_grid_square_5x5_misaligned, minmay_the_grid_square_5x5_two,
          minmay_the_grid_square_5x5_almost_minimal,
          minmay_the_grid_square_5x5_prize_junk,
          minmay_the_grid_square_5x5_one_wall,
          minmay_the_grid_square_5x5_hourglass,
          minmay_the_grid_square_5x5_two_walls_a,
          minmay_the_grid_square_5x5_prize_waves,
          minmay_the_grid_square_5x5_inner_v,
          minmay_the_grid_square_5x5_prize_open,
          minmay_the_grid_square_5x5_two_walls_b,
          minmay_the_grid_square_5x5_shrine2,
          minmay_the_grid_square_5x5_three_walls,
          minmay_the_grid_square_5x5_empty, minmay_the_grid_square_5x5_n,
          minmay_the_grid_square_5x5_meh], layout_honeycomb, enter_ziggurat_a,
          hell_entry, pan_entry, abyss_entry, minmay_pinched_square

Skill      XL: |  1  2  3  4  5  6  7  8  9 10 11 12 13 14 15 16 17 18 19 20 21 22 23 |
---------------+----------------------------------------------------------------------+-----
Axes           | 2 3 4 6 7 9 10 11 12 14 16 | 16.0
Armour         | 3 4 5 6 7 8 9 10 12 13 15 16 17 18 19 | 19.0
Fighting       | 4 5 7 8 9 10 11 12 14 16 17 18 20 | 20.5
Invocations    | 2 4 8 10 | 10.0
Throwing       | 2 3 8 9 10 11 | 11.0
Dodging        | 2 3 4 5 7 8 9 10 11 | 11.0
Shields        | 4 5 6 7 8 9 10 15 19 20 21 | 21.0
Stealth        | |  5.4

Action                   |  1- 3 |  4- 6 |  7- 9 | 10-12 | 13-15 | 16-18 | 19-21 | 22-24 || total
-------------------------+-------+-------+-------+-------+-------+-------+-------+-------++-------
Melee: Hand axe          |    86 |   170 |   304 |    49 |       |       |       |       ||   609
       Punch             |       |     1 |    15 |     3 |       |       |       |       ||    19
       War axe           |       |       |       |   327 |   839 |  1527 |  2830 |  1188 ||  6711
       Morningstar       |       |       |       |     6 |     6 |       |       |       ||    12
       Demon whip        |       |       |       |       |    38 |       |       |       ||    38
Throw: Boomerang         |       |    11 |    47 |    27 |     5 |    30 |       |       ||   120
       Javelin           |       |       |       |    48 |   138 |    76 |    75 |    83 ||   420
Invok: Heroism           |       |       |    20 |    20 |    34 |    43 |    63 |    27 ||   207
       Finesse           |       |       |       |     4 |    12 |     9 |    10 |     6 ||    41
  Use: Scroll            |     8 |     4 |     5 |    10 |     5 |     5 |     5 |     1 ||    43
       Potion            |     3 |       |     2 |     2 |     5 |     2 |     2 |       ||    16
 Stab: Sleeping          |     3 |       |       |       |       |       |       |       ||     3
       Distracted        |       |       |       |       |       |     2 |     2 |     1 ||     5
       Petrified         |       |       |       |       |       |     7 |       |     4 ||    11
       Petrifying        |       |       |       |       |       |       |       |     6 ||     6
Armor: Leather armour    |    18 |       |       |       |       |       |       |       ||    18
       Ring mail         |       |    36 |       |       |       |       |       |       ||    36
       Plate armour      |       |    41 |   101 |   192 |   321 |   561 |   804 |   344 ||  2364
Dodge: Dodged            |    64 |   120 |   124 |   235 |   405 |   657 |  1105 |   434 ||  3144
Block: Buckler           |       |       |       |    54 |   244 |   432 |    61 |       ||   791
       Tower shield      |       |       |       |       |       |       |  3129 |  1368 ||  4497
       Reflection        |       |       |       |       |       |       |   125 |    62 ||   187

Table legend:
 A = Non-vault XP
 B = Vault XP
 C = Vault XP percentage of total XP
 D = Non-vault monster count
 E = Vault monster count
 F = Vault count percentage of total count
                 A         B        C        D         E       F
            +---------+---------+-------+---------+---------+-------
      Total |  354766 |  304466 |  46.2 |     893 |     571 |  39.0
            +---------+---------+-------+---------+---------+-------
        D:1 |      23 |       0 |   0.0 |      16 |       0 |   0.0
        D:2 |      22 |       0 |   0.0 |       7 |       0 |   0.0
        D:3 |     168 |       0 |   0.0 |      19 |       0 |   0.0
        D:4 |     277 |     107 |  27.9 |      22 |       4 |  15.4
        D:5 |     302 |     209 |  40.9 |      10 |       2 |  16.7
        D:6 |    2124 |     348 |  14.1 |      20 |      28 |  58.3
        D:7 |    1495 |     776 |  34.2 |      37 |       9 |  19.6
        D:8 |    1453 |     518 |  26.3 |      17 |       4 |  19.0
        D:9 |    1481 |       0 |   0.0 |       9 |       0 |   0.0
       D:10 |    3173 |    3860 |  54.9 |      16 |      29 |  64.4
       D:11 |    3239 |    8897 |  73.3 |      14 |      23 |  62.2
       D:12 |    7574 |       0 |   0.0 |      27 |       0 |   0.0
       D:13 |    5518 |    1882 |  25.4 |      12 |       3 |  20.0
       D:14 |    7061 |    5056 |  41.7 |      16 |       3 |  15.8
       D:15 |   11886 |    4015 |  25.2 |      23 |       5 |  17.9
     Lair:1 |    3390 |       0 |   0.0 |      15 |       0 |   0.0
     Lair:2 |    5592 |    5485 |  49.5 |      22 |      16 |  42.1
     Lair:3 |    8238 |     912 |  10.0 |      21 |       2 |   8.7
     Lair:4 |    6158 |     251 |   3.9 |      15 |       2 |  11.8
     Lair:5 |   17541 |   11455 |  39.5 |      45 |      25 |  35.7
   Shoals:1 |    5874 |    1771 |  23.2 |      10 |       1 |   9.1
   Shoals:2 |   15656 |    6175 |  28.3 |      32 |       9 |  22.0
   Shoals:3 |   12337 |    7233 |  37.0 |      24 |       9 |  27.3
   Shoals:4 |   20014 |   20959 |  51.2 |      35 |      35 |  50.0
    Snake:1 |   16018 |    2174 |  12.0 |      31 |       4 |  11.4
    Snake:2 |   15788 |       0 |   0.0 |      36 |       0 |   0.0
    Snake:3 |   15451 |    2191 |  12.4 |      32 |       5 |  13.5
    Snake:4 |   16471 |   30357 |  64.8 |      30 |      42 |  58.3
      Orc:1 |    4190 |     842 |  16.7 |      49 |       1 |   2.0
      Orc:2 |    3167 |    6306 |  66.6 |      38 |      75 |  66.4
   Vaults:1 |   14702 |   22627 |  60.6 |      27 |      34 |  55.7
   Vaults:2 |   17332 |   30380 |  63.7 |      28 |      36 |  56.2
   Vaults:3 |   23303 |   28924 |  55.4 |      29 |      45 |  60.8
   Vaults:4 |   19286 |   30478 |  61.2 |      24 |      35 |  59.3
   Depths:1 |   36226 |   17295 |  32.3 |      45 |      21 |  31.8
   Depths:2 |   30399 |   39223 |  56.3 |      38 |      43 |  53.1
   Depths:3 |    1837 |    6082 |  76.8 |       2 |       5 |  71.4
   Gauntlet |       0 |    7678 | 100.0 |       0 |      16 | 100.0
            +---------+---------+-------+---------+---------+-------
